Workbook

Sheet 23 23 Proposed
B2: YTD Actual | C2: End of Yr Estimate | D2: Current Budget | F2: Proposed Budget for 23/24
A3: Income
A4: 5th Grade Send Off (flow-thru) | B4: 407 | C4: =B4 -> 407 | F4: 200 | G4: After concession expenses of $158, the actual amount generated was $249. Do we want to commit to the dance again next year and let Fifth graders sell concessions again?
A5: Book Fair Cash Sales (Flow-thru) | B5: 2903.85 | C5: =B5 -> 2903.85 | D5: 4000 | F5: 3000 | G5: $3000 is a realistic cash profit for next year ($1500 from each fair)
A6: Bottle Drop | B6: 2600 | C6: 3000 | D6: 2000 | F6: 2200 | G6: Increase a bit? Right now we're on track to bring in $3000
A7: Box Tops | B7: 124.9 | C7: =B7 -> 124.9 | D7: 0 | F7: 50 | G7: Add back in. Right now we're on track to bring in $200
A8: Boy Scouts (flow thru - donations earmarked for Scouts) | B8: 0 | C8: =B8 -> 0 | D8: 2000 | G8: N/A. remove from budget
A9: Community/Other Fundraiser | C9: =B9 -> 0 | D9: 1000 | F9: 0 | G9: Suggesting we remove this as an item to be budgeted for.
A10: Fun Run | B10: 28621.07 | C10: =B10 -> 28621.07 | D10: 25000 | F10: 25000 | G10: Keep same
A11: Member/Misc (Donation; incl. corp. match funds) | B11: 2350.66 | C11: =B11 -> 2350.66 | D11: 2000 | F11: 2000 | G11: Keep same
A12: Music & School Concert Donations | B12: 249.55 | C12: =450 -> 450 | D12: 0 | F12: 200 | G12: Line item to add
A13: Restaurant/Retail Fundraiser | B13: =847.11+1711+143.28 -> 2701.39 | C13: 2850 | D13: 500 | F13: 750 | G13: Increase a little. $990 was our profit prior to the $1711 added from McMenamins. Its unknown at this point whether or not we'll get McMenamins again next year.
A14: Rewards Programs (Amazon Smile, Fred Meyer) | B14: 965.52 | C14: =B14 -> 965.52 | D14: 800 | F14: 450 | G14: Reduce since we'll no longer be receiving a kickback from amazon. Kroger generated $459
A15: School Supplies Donations | B15: 7369.83 | C15: =B15 -> 7369.83 | D15: 7000 | F15: 7000 | G15: Keep same
A16: Science Expo | B16: 0 | C16: 400 | D16: 500 | F16: 500 | G16: Keep same depending on concession sales
A17: Staff Appreciation donations | B17: 226 | C17: =B17 -> 226 | D17: 1000 | F17: 300 | G17: Reduce.
C18: =B18 -> 0
A19: Total Income | B19: =SUM(B4:B18) -> 48519.77 | C19: =SUM(C4:C18) -> 49668.83 | D19: =SUM(D4:D18) -> 45800 | F19: =SUM(F4:F18) -> 41650
A20: Expenses
A21: 5th Grade Send Off (Expenses) | B21: =500+158 -> 658 | C21: =B21+1200+650 -> 2508 | D21: 1500 | F21: 1500 | G21: Keep same.
A22: Art Literacy | B22: 548.55 | C22: =B22 -> 548.55 | D22: 1500 | F22: 1000 | G22: Reduce? Based on the last 3 years of spending.
A23: Assemblies | B23: 800 | C23: =B23 -> 800 | D23: 2000 | F23: 2000 | G23: Keep same.
A24: Battle of the Books | B24: 1245.32 | C24: =B24 -> 1245.32 | D24: 1500 | F24: 1500 | G24: Keep same.
A25: Boohoo Woohoo (welcome new families) | B25: 0 | C25: =B25 -> 0 | D25: 100 | F25: 100 | G25: Keep same.
A26: Book Fair Profit Spending | B26: 286 | C26: =B26+2000 -> 2286 | D26: 4000 | F26: 3000 | G26: Mrs. Donnelly requested $1500 cash profit from each book fair for a total of $3000, therefore this profit should be her book budget for next year.
A27: Book Fair Profit | B27: 0 | C27: =B27 -> 0 | D27: 890 | F27: 0 | G27: Remove? Im not sure what this line item was for.
A28: Book Room | B28: 275.2 | C28: =B28 -> 275.2 | D28: 500 | F28: 500 | G28: Keep same?
A29: Brain Pop (Peterson) | B29: 0 | C29: =B29+230 -> 230 | D29: 230 | F29: 230 | G29: ?
A30: Chess Club | B30: 0 | C30: =B30 -> 0 | D30: 100 | F30: 0 | G30: Remove?
A31: Class Parties | B31: 655.4 | C31: =1200 -> 1200 | D31: 2700 | F31: 2550 | G31: (17 classes x $50) x 3 parties a year?
A32: Clothes Closet Donation | B32: 250 | C32: =B32 -> 250 | D32: 250 | F32: 250 | G32: Keep same.
A33: Community Fundraiser (Flow through) | B33: 0 | C33: =B33 -> 0 | D33: 1000 | F33: 0 | G33: remove
A34: Concerts / Music Room Supplies | B34: 2216.21 | C34: 2750 | D34: 2750 | F34: 3250 | G34: *we had agreed to fund an additional $2750 and with the $250 already given, that puts music funding at $3000. Ms Colette is now asking for $3500 just for next year because inflation brought up the price of instruments.
A35: Family Events - Donut w/GrownUp/Dance | B35: 667.21 | C35: =B35 -> 667.21 | D35: 750 | F35: 750 | G35: keep same.
A36: Dry Cleaining (Furry Grover) | B36: 0 | C36: =B36 -> 0 | D36: 50 | F36: 50 | G36: Keep same.
A37: Dues & Subscriptions | B37: 190.34 | C37: 580 | D37: 600 | F37: 500 | G37: Reduce. Zoom cancelled ($149). Smore $126, Wordpress $48, Quickbooks $215-270ish, godaddy $40
A38: Emergency Buckets | B38: 101.92 | C38: =B38 -> 101.92 | D38: 100 | F38: 100 | G38: Keep same.
A39: Field Day (Villegas) | B39: 47.94 | C39: 200 | D39: 200 | F39: 200 | G39: Keep same.
A40: Field Trips | B40: 0
A41: Kindy | B41: 120 | C41: 1875 | D41: 1875 | F41: 1875 | G41: Keep same. $25/student plus $250 for bus cost. Using 65 headcount per grade. Budgeted the same for each grade, knowing HC will differ among grades. Expect some grades might go over budget, others may be under budget. Also, $250 bus budget may be low, however $25/student is high so it should even out.
A42: 1st Grade | B42: 354.9 | C42: =355+700 -> 1055 | D42: 1875 | F42: 1875 | G42: Keep same.
A43: 2nd Grade | B43: 848.2 | C43: =848+700 -> 1548 | D43: 1875 | F43: 1875 | G43: Keep same.
A44: 3rd Grade | B44: 384.9 | C44: =385+700 -> 1085 | D44: 1875 | F44: 1875 | G44: Keep same.
A45: 4th Grade | B45: 406.15 | C45: =406+750 -> 1156 | D45: 1875 | F45: 1875 | G45: Keep same.
A46: 5th Grade | B46: 450 | C46: 1875 | D46: 1875 | F46: 1875 | G46: Keep same.
A47: College Visit/Career Readiness (5th grade) | D47: 550 | F47: 0 | G47: ?
A48: Philharmonic Children's Concert (3rd-5th, every 3rd year) | B48: 0 | D48: 1000 | F48: 0 | G48: Do we want to keep this, considering the massive amount of music funding we've already agreed to add?
A49: Total Field Trips | B49: =SUBTOTAL(9,B40:B48) -> 2564.15 | C49: =SUBTOTAL(9,C40:C48) -> 8594 | D49: =SUBTOTAL(9,D40:D48) -> 12800 | F49: =SUBTOTAL(9,F40:F48) -> 11250
A50: Fun Run - Pledgestar fees | B50: 995 | C50: =B50 -> 995 | D50: 1000 | F50: 1000 | G50: Keep same.
A51: Fun Run supplies, prizes, and T-shirts | B51: 3515.63 | C51: =B51 -> 3515.63 | D51: 5000 | F51: 4250 | G51: Reduce based on past years where expenses have mostly ranged from 2200-3500
A52: Garden Area (Kindy) | B52: 0 | C52: =B52 -> 0 | D52: 100 | F52: 250 | G52: increase and rename to green team garden budget.
A53: Geography Club | B53: 0 | C53: =B53 -> 0 | D53: 200 | F53: 0 | G53: Say what? Remove unless someone reignites this flame.
A54: Insurance | B54: 335 | C54: =B54 -> 335 | D54: 340 | F54: 340 | G54: Keep same.
A55: Meet Your Teacher | B55: 33.57 | C55: =B55 -> 33.57 | D55: 200 | F55: 150 | G55: Reduce.
A56: Mystery Science | B56: 0 | C56: =B56 -> 0 | D56: 0 | F56: 0 | G56: Remove?
A57: Oregon Trail (4th Grade) | B57: 0 | C57: =B57 -> 0 | D57: 200 | F57: 0 | G57: *hasn’t been used since 2019
A58: Pack Leaders | B58: 0 | C58: =B58 -> 0 | D58: 100 | F58: 0 | G58: NA. Remove
A59: Planners | B59: 0 | C59: =B59 -> 0 | D59: 250 | F59: 0 | G59: Remove. Hasn’t been utilized in 3 years.
A60: PTO Meetings | B60: 9.5 | C60: 139 | D60: 500 | F60: 250 | G60: Reduce. Past years we've spent 139-219.
A61: PTO Supplies | B61: 74.99 | C61: =B61 -> 74.99 | D61: 500 | F61: 350 | G61: Reduce based on past spending which has ranged from 31-117 (the highest being when we bought an air purifier this year)
A62: Reading Online Program (RAZ) | B62: 0 | C62: =B62 -> 0 | D62: 120 | F62: 0 | G62: Remove. Hasn’t been used the last 2 years.
A63: Restaurant Nights (PE) | B63: 0 | C63: =B63 -> 0 | D63: 500 | G63: To Be Discused.
A64: Restaurant Nights (Music) | B64: 0 | C64: =B64 -> 0 | D64: 500 | G64: To Be Discused.
A65: Restaurant Nights (Tech) | C65: =B65 -> 0 | D65: 250 | G65: To Be Discused.
A66: Restaurant Nights (Library) (carryover from 2020-2021 year) | B66: 0 | C66: =B66 -> 0 | D66: 0 | G66: To Be Discused.
A67: Scholastic (Kindy) | B67: 0 | C67: =B67 -> 0 | D67: 500 | F67: 0 | G67: Remove. Hasn’t been used in 2 years.
A68: Scholastic (3rd Grade) | B68: 395.34 | C68: =B68 -> 395.34 | D68: 500 | F68: 425 | G68: Reduce based on past spending.
A69: Scholastic (5th Grade) | B69: 460.68 | C69: =B69 -> 460.68 | D69: 500 | F69: 475 | G69: Reduce based on past spending.
A70: School Supplies | B70: 6100.18 | C70: 6750 | D70: 7000 | F70: 7000 | G70: Keep same or slightly reduce?
A71: snack pantry | C71: =B71 -> 0 | F71: 200 | G71: Up for discussion to add?
A72: Scouts (flow thru of earmarked donations rec'd) | B72: 0 | C72: =B72 -> 0 | D72: 2000
A73: Science Expo | B73: 281 | C73: =B73 -> 281 | D73: 750 | F73: 600 | G73: Reduce based on past spending.
A74: Staff Appreciation/Conference | B74: 1146.71 | C74: 1350 | D74: 1350 | F74: 1350 | G74: Keep Same
A75: Staff Meals (Principal budget) | B75: 502.7 | C75: =B75 -> 502.7 | D75: 300 | F75: 300 | G75: Keep Same
A76: Summer Reading Party | B76: 0 | C76: =B76 -> 0 | D76: 75 | F76: 0 | G76: Remove. Only happened once in 5 years.
A77: Sunshine Fund | B77: 455.85 | C77: 500 | D77: 500 | F77: 500 | G77: Keep Same.
A78: Taxes & Licenses | B78: 140 | C78: =B78 -> 140 | D78: 140 | F78: 140 | G78: Keep Same.
A79: Teacher Supplies | B79: 3361.59 | C79: 6250 | D79: 8250 | F79: 8500 | G79: Keep Same.
A80: Unbudgeted Expense | B80: 100 | C80: =B80 -> 100 | D80: 1000 | F80: 1000 | G80: Keep Same.
A81: Wellness (SEL) Center | B81: 66 | C81: 150 | D81: 150 | F81: 150 | G81: Keep Same.
B82: 0
A83: Total Expenses | B83: =SUBTOTAL(9,B20:B82) -> 28479.98 | C83: =SUBTOTAL(9,C20:C82) -> 44209.11 | D83: =SUBTOTAL(9,D20:D82) -> 66295 | F83: =SUBTOTAL(9,F20:F82) -> 55960
A84: Net Operating Income | B84: =B19-B83 -> 20039.79 | C84: =C19-C83 -> 5459.72 | D84: =D19-D83 -> -20495 | F84: =F19-F83 -> -14310
A85: Other Income
A86: Bank Dividends | B86: 9 | C86: 10 | D86: 10 | F86: 10
A87: CD Dividends | B87: 1 | C87: 100 | D87: 100 | F87: 100
A88: Total Other Income | B88: =SUM(B86:B87) -> 10 | C88: =SUM(C86:C87) -> 110 | D88: =SUM(D86:D87) -> 110 | F88: =SUM(F86:F87) -> 110
A89: Net Other Income | B89: 10 | C89: =(C88)-(0) -> 110 | D89: =(D88)-(0) -> 110 | F89: =(F88)-(0) -> 110
A90: Net Income | B90: =(B84)+(B89) -> 20049.79 | C90: =(C84)+(C89) -> 5569.72 | D90: =(D84)+(D89) -> -20385 | F90: =(F84)+(F89) -> -14200
A92: * | C92: =C83/D83 -> 0.66685436

Sheet P&L Summary to Date
A1: Fir Grove PTO
A2: Profit and Loss
A3: July 1, 2022 - May 9, 2023
B5: Total
A6: Income
A7: 5th Grade Send Off (Income) | B7: =407.2 -> 407.2
A8: Book Fair Sales | B8: =2903.85 -> 2903.85
A9: BottleDrop | B9: =1900+700 -> 2600
A10: Box Tops (Income) | B10: =124.9 -> 124.9
A11: Fun Run (Income) | B11: =29328.72 -> 29328.72
A12: Member/Misc (Donations) | B12: =1746.05 -> 1746.05
A13: Music & School Concert Fundraising | B13: =249.55 -> 249.55
A14: Restaurant / Retail Fundraisers | B14: =990.39+1711.5 -> 2701.89
A15: Rewards Programs (Donations) | B15: 965.74
A16: School Supplies (Income) | B16: =7369.83 -> 7369.83
A17: Staff Appreciation Donations | B17: =233.33 -> 233.33
A18: Total Income | B18: =SUM(B7:B17) -> 48631.06
A19: Gross Profit | B19: =(B18)-(0) -> 48631.06
A20: Expenses
A21: 5th Grade Send Off (Expenses) | B21: =500 -> 500
A22: Art Literacy | B22: =548.55 -> 548.55
A23: Assemblies | B23: =800 -> 800
A24: Battle of the Books | B24: =1248.32 -> 1248.32
A25: Book Fair Profit Expenses | B25: =286 -> 286
A26: Book Room | B26: =275.2 -> 275.2
A27: Class Parties | B27: =654.4 -> 654.4
A28: Clothes Closet Donation | B28: =250 -> 250
A29: Dues & Subscriptions | B29: =190.34 -> 190.34
A30: Emergency Supplies | B30: =101.92 -> 101.92
A31: Family Events - Donuts w/grownup / School Dance Etc | B31: =719.17 -> 719.17
A32: Field Day | B32: =47.94 -> 47.94
A33: Field Trips | B33: =0 -> 0
A34: 1st Grade | B34: =354.9 -> 354.9
A35: 2nd Grade | B35: =848.2 -> 848.2
A36: 3rd Grade | B36: =384.9 -> 384.9
A37: 4th Grade | B37: =406.15 -> 406.15
A38: 5th Grade | B38: =450 -> 450
A39: Kindy | B39: =120 -> 120
A40: Total Field Trips | B40: =((((((B33)+(B34))+(B35))+(B36))+(B37))+(B38))+(B39) -> 2564.15
A41: Fun Run (Expenses) | B41: =4710.63 -> 4710.63
A42: Insurance | B42: =335 -> 335
A43: Meet Your Teacher | B43: =33.57 -> 33.57
A44: Music & Concert Supplies & Expenses | B44: =2214.98 -> 2214.98
A45: PayPal Fees | B45: =10.63 -> 10.63
A46: Principal Budget | B46: =502.7 -> 502.7
A47: PTO Meetings | B47: =9.5 -> 9.5
A48: PTO Supplies | B48: =117.74 -> 117.74
A49: Scholastic Subscription (3rd Grade) | B49: =395.34 -> 395.34
A50: Scholastic Subscription (5th Grade) | B50: =460.68 -> 460.68
A51: School Supplies (Expenses) | B51: =6048.22 -> 6048.22
A52: Science Fair (Expenses) | B52: =280.78 -> 280.78
A53: Staff Appreciation | B53: =756.36 -> 756.36
A54: Staff Meals/Conferences | B54: =390.35 -> 390.35
A55: Sunshine Fund | B55: =455.85 -> 455.85
A56: Taxes & Licenses | B56: =140 -> 140
A57: Teacher Supplies | B57: =3357.59 -> 3357.59
A58: The Wellness Center (SELC) | B58: =66 -> 66
A59: Unbudgeted Expense | B59: =100 -> 100
A60: Total Expenses | B60: =(((((((((((((((((((((((((((((((B21)+(B22))+(B23))+(B24))+(B25))+(B26))+(B27))+(B28))+(B29))+(B30))+(B31))+(B32))+(B40))+(B41))+(B42))+(B43))+(B44))+(B45))+(B46))+(B47))+(B48))+(B49))+(B50))+(B51))+(B52))+(B53))+(B54))+(B55))+(B56))+(B57))+(B58))+(B59) -> 28571.91
A61: Net Operating Income | B61: =(B19)-(B60) -> 20059.15
A62: Other Income
A63: Bank Dividends | B63: =19.54 -> 19.54
A64: CD Dividends | B64: =1.45 -> 1.45
A65: Total Other Income | B65: =(B63)+(B64) -> 20.99
A66: Net Other Income | B66: =(B65)-(0) -> 20.99
A67: Net Income | B67: =(B61)+(B66) -> 20080.14
A68: Tuesday, May 09, 2023 11:32:06 AM GMT-7 - Accrual Basis

Sheet Current Monthly P&L 
A1: Fir Grove PTO
A2: Profit and Loss
A3: July 1, 2022 - May 9, 2023
B5: Jul 2022 | C5: Aug 2022 | D5: Sep 2022 | E5: Oct 2022 | F5: Nov 2022 | G5: Dec 2022 | H5: Jan 2023 | I5: Feb 2023 | J5: Mar 2023 | K5: Apr 2023 | L5: May 1-9, 2023 | M5: Total
A6: Income
A7: 5th Grade Send Off (Income) | B7: =0 -> 0 | C7: =0 -> 0 | D7: =0 -> 0 | E7: =0 -> 0 | F7: =0 -> 0 | G7: =0 -> 0 | H7: =0 -> 0 | I7: =0 -> 0 | J7: =407.2 -> 407.2 | K7: =0 -> 0 | L7: =0 -> 0 | M7: =((((((((((B7)+(C7))+(D7))+(E7))+(F7))+(G7))+(H7))+(I7))+(J7))+(K7))+(L7) -> 407.2
A8: Book Fair Sales | B8: =0 -> 0 | C8: =0 -> 0 | D8: =0 -> 0 | E8: =2670.21 -> 2670.21 | F8: =-1252.38 -> -1252.38 | G8: =0 -> 0 | H8: =0 -> 0 | I8: =0 -> 0 | J8: =0 -> 0 | K8: =0 -> 0 | L8: =1486.02 -> 1486.02 | M8: =((((((((((B8)+(C8))+(D8))+(E8))+(F8))+(G8))+(H8))+(I8))+(J8))+(K8))+(L8) -> 2903.85
A9: BottleDrop | B9: =0 -> 0 | C9: =0 -> 0 | D9: =0 -> 0 | E9: =0 -> 0 | F9: =0 -> 0 | G9: =0 -> 0 | H9: =1900 -> 1900 | I9: =0 -> 0 | J9: =0 -> 0 | K9: =0 -> 0 | L9: 700 | M9: =((((((((((B9)+(C9))+(D9))+(E9))+(F9))+(G9))+(H9))+(I9))+(J9))+(K9))+(L9) -> 2600
A10: Box Tops (Income) | B10: =0 -> 0 | C10: =0 -> 0 | D10: =0 -> 0 | E10: =0 -> 0 | F10: =0 -> 0 | G10: =0 -> 0 | H10: =124.9 -> 124.9 | I10: =0 -> 0 | J10: =0 -> 0 | K10: =0 -> 0 | L10: =0 -> 0 | M10: =((((((((((B10)+(C10))+(D10))+(E10))+(F10))+(G10))+(H10))+(I10))+(J10))+(K10))+(L10) -> 124.9
A11: Fun Run (Income) | B11: =0 -> 0 | C11: =0 -> 0 | D11: =0 -> 0 | E11: =2402.56 -> 2402.56 | F11: =26780.51 -> 26780.51 | G11: =145.65 -> 145.65 | H11: =0 -> 0 | I11: =0 -> 0 | J11: =0 -> 0 | K11: =0 -> 0 | L11: =0 -> 0 | M11: =((((((((((B11)+(C11))+(D11))+(E11))+(F11))+(G11))+(H11))+(I11))+(J11))+(K11))+(L11) -> 29328.72
A12: Member/Misc (Donations) | B12: =0 -> 0 | C12: =0 -> 0 | D12: =0 -> 0 | E12: =20 -> 20 | F12: =148.01 -> 148.01 | G12: =625 -> 625 | H12: =700 -> 700 | I12: =150 -> 150 | J12: =51.52 -> 51.52 | K12: =51.52 -> 51.52 | L12: =0 -> 0 | M12: =((((((((((B12)+(C12))+(D12))+(E12))+(F12))+(G12))+(H12))+(I12))+(J12))+(K12))+(L12) -> 1746.05
A13: Music & School Concert Fundraising | B13: =0 -> 0 | C13: =0 -> 0 | D13: =0 -> 0 | E13: =0 -> 0 | F13: =0 -> 0 | G13: =0 -> 0 | H13: =0 -> 0 | I13: =0 -> 0 | J13: =249.55 -> 249.55 | K13: =0 -> 0 | L13: =0 -> 0 | M13: =((((((((((B13)+(C13))+(D13))+(E13))+(F13))+(G13))+(H13))+(I13))+(J13))+(K13))+(L13) -> 249.55
A14: Restaurant / Retail Fundraisers | B14: =0 -> 0 | C14: =0 -> 0 | D14: =0 -> 0 | E14: =0 -> 0 | F14: =0 -> 0 | G14: =0 -> 0 | H14: =233.95 -> 233.95 | I14: =0 -> 0 | J14: =0 -> 0 | K14: =0 -> 0 | L14: =756.44+1711.5 -> 2467.94 | M14: =((((((((((B14)+(C14))+(D14))+(E14))+(F14))+(G14))+(H14))+(I14))+(J14))+(K14))+(L14) -> 2701.89
A15: Rewards Programs (Donations) | B15: =0 -> 0 | C15: =0 -> 0 | D15: =0 -> 0 | E15: =0 -> 0 | F15: =0 -> 0 | G15: =0 -> 0 | H15: =0 -> 0 | I15: =0 -> 0 | ... L15: =0 -> 0 | M15: =((((((((((B15)+(C15))+(D15))+(E15))+(F15))+(G15))+(H15))+(I15))+(J15))+(K15))+(L15) -> 0
A16: AmazonSmile | B16: =0 -> 0 | C16: =0 -> 0 | D16: =148.45 -> 148.45 | E16: =0 -> 0 | F16: =120.71 -> 120.71 | G16: =0 -> 0 | H16: =0 -> 0 | I16: =157.13 -> 157.13 | J16: =0 -> 0 | K16: =0 -> 0 | L16: =79.64 -> 79.64 | M16: =((((((((((B16)+(C16))+(D16))+(E16))+(F16))+(G16))+(H16))+(I16))+(J16))+(K16))+(L16) -> 505.93
A17: Kroger Rewards (Fred Meyer) | B17: =0 -> 0 | C17: =0 -> 0 | D17: =109.81 -> 109.81 | E17: =0 -> 0 | F17: =108.22 -> 108.22 | G17: =0 -> 0 | H17: =0 -> 0 | I17: =118.33 -> 118.33 | J17: =0 -> 0 | K17: =0 -> 0 | L17: =123.45 -> 123.45 | M17: =((((((((((B17)+(C17))+(D17))+(E17))+(F17))+(G17))+(H17))+(I17))+(J17))+(K17))+(L17) -> 459.81
A18: Total Rewards Programs (Donations) | B18: =((B15)+(B16))+(B17) -> 0 | C18: =((C15)+(C16))+(C17) -> 0 | D18: =((D15)+(D16))+(D17) -> 258.26 | E18: =((E15)+(E16))+(E17) -> 0 | F18: =((F15)+(F16))+(F17) -> 228.93 | G18: =((G15)+(G16))+(G17) -> 0 | H18: =((H15)+(H16))+(H17) -> 0 | I18: =((I15)+(I16))+(I17) -> 275.46 | ... L18: =((L15)+(L16))+(L17) -> 203.09 | M18: =((((((((((B18)+(C18))+(D18))+(E18))+(F18))+(G18))+(H18))+(I18))+(J18))+(K18))+(L18) -> 965.74
A19: School Supplies (Income) | B19: =0 -> 0 | C19: =0 -> 0 | D19: =7369.83 -> 7369.83 | E19: =0 -> 0 | F19: =0 -> 0 | G19: =0 -> 0 | H19: =0 -> 0 | I19: =0 -> 0 | J19: =0 -> 0 | K19: =0 -> 0 | L19: =0 -> 0 | M19: =((((((((((B19)+(C19))+(D19))+(E19))+(F19))+(G19))+(H19))+(I19))+(J19))+(K19))+(L19) -> 7369.83
A20: Staff Appreciation Donations | B20: =0 -> 0 | C20: =0 -> 0 | D20: =0 -> 0 | E20: =0 -> 0 | F20: =0 -> 0 | G20: =0 -> 0 | H20: =0 -> 0 | I20: =0 -> 0 | ... K20: =0 -> 0 | L20: =233.33 -> 233.33 | M20: =((((((((((B20)+(C20))+(D20))+(E20))+(F20))+(G20))+(H20))+(I20))+(J20))+(K20))+(L20) -> 233.33
A21: Total Income | B21: =((((((((((B7)+(B8))+(B9))+(B10))+(B11))+(B12))+(B13))+(B14))+(B18))+(B19))+(B20) -> 0 | C21: =((((((((((C7)+(C8))+(C9))+(C10))+(C11))+(C12))+(C13))+(C14))+(C18))+(C19))+(C20) -> 0 | D21: =((((((((((D7)+(D8))+(D9))+(D10))+(D11))+(D12))+(D13))+(D14))+(D18))+(D19))+(D20) -> 7628.09 | E21: =((((((((((E7)+(E8))+(E9))+(E10))+(E11))+(E12))+(E13))+(E14))+(E18))+(E19))+(E20) -> 5092.77 | F21: =((((((((((F7)+(F8))+(F9))+(F10))+(F11))+(F12))+(F13))+(F14))+(F18))+(F19))+(F20) -> 25905.07 | G21: =((((((((((G7)+(G8))+(G9))+(G10))+(G11))+(G12))+(G13))+(G14))+(G18))+(G19))+(G20) -> 770.65 | H21: =((((((((((H7)+(H8))+(H9))+(H10))+(H11))+(H12))+(H13))+(H14))+(H18))+(H19))+(H20) -> 2958.85 | I21: =((((((((((I7)+(I8))+(I9))+(I10))+(I11))+(I12))+(I13))+(I14))+(I18))+(I19))+(I20) -> 425.46 | ... L21: =((((((((((L7)+(L8))+(L9))+(L10))+(L11))+(L12))+(L13))+(L14))+(L18))+(L19))+(L20) -> 5090.38 | M21: =((((((((((B21)+(C21))+(D21))+(E21))+(F21))+(G21))+(H21))+(I21))+(J21))+(K21))+(L21) -> 48631.06
A22: Gross Profit | B22: =(B21)-(0) -> 0 | C22: =(C21)-(0) -> 0 | D22: =(D21)-(0) -> 7628.09 | E22: =(E21)-(0) -> 5092.77 | F22: =(F21)-(0) -> 25905.07 | G22: =(G21)-(0) -> 770.65 | H22: =(H21)-(0) -> 2958.85 | I22: =(I21)-(0) -> 425.46 | ... L22: =(L21)-(0) -> 5090.38 | M22: =((((((((((B22)+(C22))+(D22))+(E22))+(F22))+(G22))+(H22))+(I22))+(J22))+(K22))+(L22) -> 48631.06
A23: Expenses
A24: 5th Grade Send Off (Expenses) | B24: =0 -> 0 | C24: =0 -> 0 | D24: =0 -> 0 | E24: =0 -> 0 | F24: =0 -> 0 | G24: =0 -> 0 | H24: =0 -> 0 | I24: =0 -> 0 | J24: =0 -> 0 | K24: =500 -> 500 | L24: =0 -> 0 | M24: =((((((((((B24)+(C24))+(D24))+(E24))+(F24))+(G24))+(H24))+(I24))+(J24))+(K24))+(L24) -> 500
A25: Art Literacy | B25: =0 -> 0 | C25: =0 -> 0 | D25: =0 -> 0 | E25: =0 -> 0 | F25: =150 -> 150 | G25: =0 -> 0 | H25: =0 -> 0 | I25: =0 -> 0 | J25: =0 -> 0 | K25: =0 -> 0 | L25: =398.55 -> 398.55 | M25: =((((((((((B25)+(C25))+(D25))+(E25))+(F25))+(G25))+(H25))+(I25))+(J25))+(K25))+(L25) -> 548.55
A26: Assemblies | B26: =0 -> 0 | C26: =0 -> 0 | D26: =0 -> 0 | E26: =0 -> 0 | F26: =0 -> 0 | G26: =0 -> 0 | H26: =0 -> 0 | I26: =0 -> 0 | J26: =0 -> 0 | K26: =800 -> 800 | L26: =0 -> 0 | M26: =((((((((((B26)+(C26))+(D26))+(E26))+(F26))+(G26))+(H26))+(I26))+(J26))+(K26))+(L26) -> 800
A27: Battle of the Books | B27: =0 -> 0 | C27: =0 -> 0 | D27: =65 -> 65 | E27: =0 -> 0 | F27: =0 -> 0 | G27: =858.05 -> 858.05 | H27: =0 -> 0 | I27: =283.54 -> 283.54 | J27: =0 -> 0 | K27: =0 -> 0 | L27: =41.73 -> 41.73 | M27: =((((((((((B27)+(C27))+(D27))+(E27))+(F27))+(G27))+(H27))+(I27))+(J27))+(K27))+(L27) -> 1248.32
A28: Book Fair Profit Expenses | B28: =0 -> 0 | C28: =0 -> 0 | D28: =0 -> 0 | E28: =0 -> 0 | F28: =0 -> 0 | G28: =0 -> 0 | H28: =286 -> 286 | I28: =0 -> 0 | J28: =0 -> 0 | K28: =0 -> 0 | L28: =0 -> 0 | M28: =((((((((((B28)+(C28))+(D28))+(E28))+(F28))+(G28))+(H28))+(I28))+(J28))+(K28))+(L28) -> 286
A29: Book Room | B29: =0 -> 0 | C29: =0 -> 0 | D29: =0 -> 0 | E29: =0 -> 0 | F29: =0 -> 0 | G29: =211.2 -> 211.2 | H29: =0 -> 0 | I29: =0 -> 0 | J29: =64 -> 64 | K29: =0 -> 0 | L29: =0 -> 0 | M29: =((((((((((B29)+(C29))+(D29))+(E29))+(F29))+(G29))+(H29))+(I29))+(J29))+(K29))+(L29) -> 275.2
A30: Class Parties | B30: =0 -> 0 | C30: =0 -> 0 | D30: =0 -> 0 | E30: =0 -> 0 | F30: =273.04 -> 273.04 | G30: =0 -> 0 | H30: =64.95 -> 64.95 | I30: =238.38 -> 238.38 | J30: =0 -> 0 | K30: =0 -> 0 | L30: =78.03 -> 78.03 | M30: =((((((((((B30)+(C30))+(D30))+(E30))+(F30))+(G30))+(H30))+(I30))+(J30))+(K30))+(L30) -> 654.4
A31: Clothes Closet Donation | B31: =0 -> 0 | C31: =0 -> 0 | D31: =250 -> 250 | E31: =0 -> 0 | F31: =0 -> 0 | G31: =0 -> 0 | H31: =0 -> 0 | I31: =0 -> 0 | J31: =0 -> 0 | K31: =0 -> 0 | L31: =0 -> 0 | M31: =((((((((((B31)+(C31))+(D31))+(E31))+(F31))+(G31))+(H31))+(I31))+(J31))+(K31))+(L31) -> 250
A32: Dues & Subscriptions | B32: =0 -> 0 | C32: =0 -> 0 | D32: =0 -> 0 | E32: =41.34 -> 41.34 | F32: =149 -> 149 | G32: =0 -> 0 | H32: =0 -> 0 | I32: =0 -> 0 | J32: =0 -> 0 | K32: =0 -> 0 | L32: =0 -> 0 | M32: =((((((((((B32)+(C32))+(D32))+(E32))+(F32))+(G32))+(H32))+(I32))+(J32))+(K32))+(L32) -> 190.34
A33: Emergency Supplies | B33: =0 -> 0 | C33: =0 -> 0 | D33: =101.92 -> 101.92 | E33: =0 -> 0 | F33: =0 -> 0 | G33: =0 -> 0 | H33: =0 -> 0 | I33: =0 -> 0 | J33: =0 -> 0 | K33: =0 -> 0 | L33: =0 -> 0 | M33: =((((((((((B33)+(C33))+(D33))+(E33))+(F33))+(G33))+(H33))+(I33))+(J33))+(K33))+(L33) -> 101.92
A34: Family Events - Donuts w/grownup / School Dance Etc | B34: =0 -> 0 | C34: =0 -> 0 | D34: =0 -> 0 | E34: =0 -> 0 | F34: =0 -> 0 | G34: =408.72 -> 408.72 | H34: =0 -> 0 | I34: =100 -> 100 | J34: =51.96 -> 51.96 | K34: =0 -> 0 | L34: =158.49 -> 158.49 | M34: =((((((((((B34)+(C34))+(D34))+(E34))+(F34))+(G34))+(H34))+(I34))+(J34))+(K34))+(L34) -> 719.17
A35: Field Day | B35: =0 -> 0 | C35: =0 -> 0 | D35: =0 -> 0 | E35: =0 -> 0 | F35: =0 -> 0 | G35: =0 -> 0 | H35: =0 -> 0 | I35: =0 -> 0 | ... K35: =0 -> 0 | L35: =47.94 -> 47.94 | M35: =((((((((((B35)+(C35))+(D35))+(E35))+(F35))+(G35))+(H35))+(I35))+(J35))+(K35))+(L35) -> 47.94
A36: Field Trips | B36: =0 -> 0 | C36: =0 -> 0 | D36: =0 -> 0 | E36: =0 -> 0 | F36: =0 -> 0 | G36: =0 -> 0 | H36: =0 -> 0 | I36: =0 -> 0 | ... L36: =0 -> 0 | M36: =((((((((((B36)+(C36))+(D36))+(E36))+(F36))+(G36))+(H36))+(I36))+(J36))+(K36))+(L36) -> 0
A37: 1st Grade | B37: =0 -> 0 | C37: =0 -> 0 | D37: =0 -> 0 | E37: =0 -> 0 | F37: =0 -> 0 | G37: =0 -> 0 | H37: =0 -> 0 | I37: =0 -> 0 | J37: =354.9 -> 354.9 | K37: =0 -> 0 | L37: =0 -> 0 | M37: =((((((((((B37)+(C37))+(D37))+(E37))+(F37))+(G37))+(H37))+(I37))+(J37))+(K37))+(L37) -> 354.9
A38: 2nd Grade | B38: =0 -> 0 | C38: =0 -> 0 | D38: =210.15 -> 210.15 | E38: =0 -> 0 | F38: =0 -> 0 | G38: =0 -> 0 | H38: =0 -> 0 | I38: =409.9 -> 409.9 | J38: =0 -> 0 | K38: =228.15 -> 228.15 | L38: =0 -> 0 | M38: =((((((((((B38)+(C38))+(D38))+(E38))+(F38))+(G38))+(H38))+(I38))+(J38))+(K38))+(L38) -> 848.2
A39: 3rd Grade | B39: =0 -> 0 | C39: =0 -> 0 | D39: =0 -> 0 | E39: =0 -> 0 | F39: =0 -> 0 | G39: =0 -> 0 | H39: =0 -> 0 | I39: =0 -> 0 | ... K39: =0 -> 0 | L39: =384.9 -> 384.9 | M39: =((((((((((B39)+(C39))+(D39))+(E39))+(F39))+(G39))+(H39))+(I39))+(J39))+(K39))+(L39) -> 384.9
A40: 4th Grade | B40: =0 -> 0 | C40: =0 -> 0 | D40: =336.15 -> 336.15 | E40: =0 -> 0 | F40: =0 -> 0 | G40: =70 -> 70 | H40: =0 -> 0 | I40: =0 -> 0 | J40: =0 -> 0 | K40: =0 -> 0 | L40: =0 -> 0 | M40: =((((((((((B40)+(C40))+(D40))+(E40))+(F40))+(G40))+(H40))+(I40))+(J40))+(K40))+(L40) -> 406.15
A41: 5th Grade | B41: =0 -> 0 | C41: =0 -> 0 | D41: =0 -> 0 | E41: =0 -> 0 | F41: =0 -> 0 | G41: =0 -> 0 | H41: =0 -> 0 | I41: =0 -> 0 | J41: =0 -> 0 | K41: =450 -> 450 | L41: =0 -> 0 | M41: =((((((((((B41)+(C41))+(D41))+(E41))+(F41))+(G41))+(H41))+(I41))+(J41))+(K41))+(L41) -> 450
A42: Kindy | B42: =0 -> 0 | C42: =0 -> 0 | D42: =0 -> 0 | E42: =120 -> 120 | F42: =0 -> 0 | G42: =0 -> 0 | H42: =0 -> 0 | I42: =0 -> 0 | J42: =0 -> 0 | K42: =0 -> 0 | L42: =0 -> 0 | M42: =((((((((((B42)+(C42))+(D42))+(E42))+(F42))+(G42))+(H42))+(I42))+(J42))+(K42))+(L42) -> 120
A43: Total Field Trips | B43: =((((((B36)+(B37))+(B38))+(B39))+(B40))+(B41))+(B42) -> 0 | C43: =((((((C36)+(C37))+(C38))+(C39))+(C40))+(C41))+(C42) -> 0 | D43: =((((((D36)+(D37))+(D38))+(D39))+(D40))+(D41))+(D42) -> 546.3 | E43: =((((((E36)+(E37))+(E38))+(E39))+(E40))+(E41))+(E42) -> 120 | F43: =((((((F36)+(F37))+(F38))+(F39))+(F40))+(F41))+(F42) -> 0 | G43: =((((((G36)+(G37))+(G38))+(G39))+(G40))+(G41))+(G42) -> 70 | H43: =((((((H36)+(H37))+(H38))+(H39))+(H40))+(H41))+(H42) -> 0 | I43: =((((((I36)+(I37))+(I38))+(I39))+(I40))+(I41))+(I42) -> 409.9 | ... L43: =((((((L36)+(L37))+(L38))+(L39))+(L40))+(L41))+(L42) -> 384.9 | M43: =((((((((((B43)+(C43))+(D43))+(E43))+(F43))+(G43))+(H43))+(I43))+(J43))+(K43))+(L43) -> 2564.15
A44: Fun Run (Expenses) | B44: =0 -> 0 | C44: =0 -> 0 | D44: =3471.74 -> 3471.74 | E44: =1195 -> 1195 | F44: =13.89 -> 13.89 | G44: =0 -> 0 | H44: =30 -> 30 | I44: =0 -> 0 | J44: =0 -> 0 | K44: =0 -> 0 | L44: =0 -> 0 | M44: =((((((((((B44)+(C44))+(D44))+(E44))+(F44))+(G44))+(H44))+(I44))+(J44))+(K44))+(L44) -> 4710.63
A45: Insurance | B45: =0 -> 0 | C45: =0 -> 0 | D45: =335 -> 335 | E45: =0 -> 0 | F45: =0 -> 0 | G45: =0 -> 0 | H45: =0 -> 0 | I45: =0 -> 0 | J45: =0 -> 0 | K45: =0 -> 0 | L45: =0 -> 0 | M45: =((((((((((B45)+(C45))+(D45))+(E45))+(F45))+(G45))+(H45))+(I45))+(J45))+(K45))+(L45) -> 335
A46: Meet Your Teacher | B46: =0 -> 0 | C46: =0 -> 0 | D46: =0 -> 0 | E46: =0 -> 0 | F46: =33.57 -> 33.57 | G46: =0 -> 0 | H46: =0 -> 0 | I46: =0 -> 0 | J46: =0 -> 0 | K46: =0 -> 0 | L46: =0 -> 0 | M46: =((((((((((B46)+(C46))+(D46))+(E46))+(F46))+(G46))+(H46))+(I46))+(J46))+(K46))+(L46) -> 33.57
A47: Music & Concert Supplies & Expenses | B47: =0 -> 0 | C47: =0 -> 0 | D47: =0 -> 0 | E47: =0 -> 0 | F47: =0 -> 0 | G47: =0 -> 0 | H47: =0 -> 0 | I47: =572.78 -> 572.78 | J47: =0 -> 0 | K47: =0 -> 0 | L47: =1642.2 -> 1642.2 | M47: =((((((((((B47)+(C47))+(D47))+(E47))+(F47))+(G47))+(H47))+(I47))+(J47))+(K47))+(L47) -> 2214.98
A48: PayPal Fees | B48: =0 -> 0 | C48: =0 -> 0 | D48: =0 -> 0 | E48: =0 -> 0 | F48: =0 -> 0 | G48: =0 -> 0 | H48: =0 -> 0 | I48: =0 -> 0 | J48: =1.52 -> 1.52 | K48: =1.52 -> 1.52 | L48: =7.59 -> 7.59 | M48: =((((((((((B48)+(C48))+(D48))+(E48))+(F48))+(G48))+(H48))+(I48))+(J48))+(K48))+(L48) -> 10.63
A49: Principal Budget | B49: =0 -> 0 | C49: =0 -> 0 | D49: =235 -> 235 | E49: =0 -> 0 | F49: =0 -> 0 | G49: =0 -> 0 | H49: =0 -> 0 | I49: =0 -> 0 | J49: =0 -> 0 | K49: =0 -> 0 | L49: =267.7 -> 267.7 | M49: =((((((((((B49)+(C49))+(D49))+(E49))+(F49))+(G49))+(H49))+(I49))+(J49))+(K49))+(L49) -> 502.7
A50: PTO Meetings | B50: =0 -> 0 | C50: =0 -> 0 | D50: =0 -> 0 | E50: =0 -> 0 | F50: =9.5 -> 9.5 | G50: =0 -> 0 | H50: =0 -> 0 | I50: =0 -> 0 | J50: =0 -> 0 | K50: =0 -> 0 | L50: =0 -> 0 | M50: =((((((((((B50)+(C50))+(D50))+(E50))+(F50))+(G50))+(H50))+(I50))+(J50))+(K50))+(L50) -> 9.5
A51: PTO Supplies | B51: =25 -> 25 | C51: =0 -> 0 | D51: =0 -> 0 | E51: =0 -> 0 | F51: =74.99 -> 74.99 | G51: =0 -> 0 | H51: =17.75 -> 17.75 | I51: =0 -> 0 | J51: =0 -> 0 | K51: =0 -> 0 | L51: =0 -> 0 | M51: =((((((((((B51)+(C51))+(D51))+(E51))+(F51))+(G51))+(H51))+(I51))+(J51))+(K51))+(L51) -> 117.74
A52: Scholastic Subscription (3rd Grade) | B52: =0 -> 0 | C52: =0 -> 0 | D52: =395.34 -> 395.34 | E52: =0 -> 0 | F52: =0 -> 0 | G52: =0 -> 0 | H52: =0 -> 0 | I52: =0 -> 0 | J52: =0 -> 0 | K52: =0 -> 0 | L52: =0 -> 0 | M52: =((((((((((B52)+(C52))+(D52))+(E52))+(F52))+(G52))+(H52))+(I52))+(J52))+(K52))+(L52) -> 395.34
A53: Scholastic Subscription (5th Grade) | B53: =0 -> 0 | C53: =0 -> 0 | D53: =460.68 -> 460.68 | E53: =0 -> 0 | F53: =0 -> 0 | G53: =0 -> 0 | H53: =0 -> 0 | I53: =0 -> 0 | J53: =0 -> 0 | K53: =0 -> 0 | L53: =0 -> 0 | M53: =((((((((((B53)+(C53))+(D53))+(E53))+(F53))+(G53))+(H53))+(I53))+(J53))+(K53))+(L53) -> 460.68
A54: School Supplies (Expenses) | B54: =0 -> 0 | C54: =2905.09 -> 2905.09 | D54: =1328.59 -> 1328.59 | E54: =0 -> 0 | F54: =198.2 -> 198.2 | G54: =0 -> 0 | H54: =404.35 -> 404.35 | I54: =242.5 -> 242.5 | J54: =699.49 -> 699.49 | K54: =270 -> 270 | L54: =0 -> 0 | M54: =((((((((((B54)+(C54))+(D54))+(E54))+(F54))+(G54))+(H54))+(I54))+(J54))+(K54))+(L54) -> 6048.22
A55: Science Fair (Expenses) | B55: =0 -> 0 | C55: =0 -> 0 | D55: =0 -> 0 | E55: =0 -> 0 | F55: =0 -> 0 | G55: =0 -> 0 | H55: =0 -> 0 | I55: =0 -> 0 | ... K55: =0 -> 0 | L55: =280.78 -> 280.78 | M55: =((((((((((B55)+(C55))+(D55))+(E55))+(F55))+(G55))+(H55))+(I55))+(J55))+(K55))+(L55) -> 280.78
A56: Staff Appreciation | B56: =0 -> 0 | C56: =0 -> 0 | D56: =0 -> 0 | E56: =106.29 -> 106.29 | F56: =55.79 -> 55.79 | G56: =0 -> 0 | H56: =48.89 -> 48.89 | I56: =44.69 -> 44.69 | J56: =28.7 -> 28.7 | K56: =0 -> 0 | L56: =472 -> 472 | M56: =((((((((((B56)+(C56))+(D56))+(E56))+(F56))+(G56))+(H56))+(I56))+(J56))+(K56))+(L56) -> 756.36
A57: Staff Meals/Conferences | B57: =0 -> 0 | C57: =0 -> 0 | D57: =0 -> 0 | E57: =390.35 -> 390.35 | F57: =0 -> 0 | G57: =0 -> 0 | H57: =0 -> 0 | I57: =0 -> 0 | J57: =0 -> 0 | K57: =0 -> 0 | L57: =0 -> 0 | M57: =((((((((((B57)+(C57))+(D57))+(E57))+(F57))+(G57))+(H57))+(I57))+(J57))+(K57))+(L57) -> 390.35
A58: Sunshine Fund | B58: =0 -> 0 | C58: =0 -> 0 | D58: =0 -> 0 | E58: =109.9 -> 109.9 | F58: =100 -> 100 | G58: =0 -> 0 | H58: =0 -> 0 | I58: =25 -> 25 | J58: =0 -> 0 | K58: =75 -> 75 | L58: =145.95 -> 145.95 | M58: =((((((((((B58)+(C58))+(D58))+(E58))+(F58))+(G58))+(H58))+(I58))+(J58))+(K58))+(L58) -> 455.85
A59: Taxes & Licenses | B59: =0 -> 0 | C59: =0 -> 0 | D59: =0 -> 0 | E59: =90 -> 90 | F59: =0 -> 0 | G59: =0 -> 0 | H59: =50 -> 50 | I59: =0 -> 0 | J59: =0 -> 0 | K59: =0 -> 0 | L59: =0 -> 0 | M59: =((((((((((B59)+(C59))+(D59))+(E59))+(F59))+(G59))+(H59))+(I59))+(J59))+(K59))+(L59) -> 140
A60: Teacher Supplies | B60: =0 -> 0 | C60: =0 -> 0 | D60: =812.73 -> 812.73 | E60: =332.96 -> 332.96 | F60: =606.37 -> 606.37 | G60: =0 -> 0 | H60: =306.66 -> 306.66 | I60: =71.62 -> 71.62 | J60: =361.73 -> 361.73 | K60: =88.88 -> 88.88 | L60: =776.64 -> 776.64 | M60: =((((((((((B60)+(C60))+(D60))+(E60))+(F60))+(G60))+(H60))+(I60))+(J60))+(K60))+(L60) -> 3357.59
A61: The Wellness Center (SELC) | B61: =0 -> 0 | C61: =0 -> 0 | D61: =0 -> 0 | E61: =0 -> 0 | F61: =0 -> 0 | G61: =34 -> 34 | H61: =0 -> 0 | I61: =32 -> 32 | J61: =0 -> 0 | K61: =0 -> 0 | L61: =0 -> 0 | M61: =((((((((((B61)+(C61))+(D61))+(E61))+(F61))+(G61))+(H61))+(I61))+(J61))+(K61))+(L61) -> 66
A62: Unbudgeted Expense | B62: =0 -> 0 | C62: =0 -> 0 | D62: =0 -> 0 | E62: =0 -> 0 | F62: =0 -> 0 | G62: =0 -> 0 | H62: =0 -> 0 | I62: =0 -> 0 | J62: =0 -> 0 | K62: =100 -> 100 | L62: =0 -> 0 | M62: =((((((((((B62)+(C62))+(D62))+(E62))+(F62))+(G62))+(H62))+(I62))+(J62))+(K62))+(L62) -> 100
A63: Total Expenses | B63: =(((((((((((((((((((((((((((((((B24)+(B25))+(B26))+(B27))+(B28))+(B29))+(B30))+(B31))+(B32))+(B33))+(B34))+(B35))+(B43))+(B44))+(B45))+(B46))+(B47))+(B48))+(B49))+(B50))+(B51))+(B52))+(B53))+(B54))+(B55))+(B56))+(B57))+(B58))+(B59))+(B60))+(B61))+(B62) -> 25 | C63: =(((((((((((((((((((((((((((((((C24)+(C25))+(C26))+(C27))+(C28))+(C29))+(C30))+(C31))+(C32))+(C33))+(C34))+(C35))+(C43))+(C44))+(C45))+(C46))+(C47))+(C48))+(C49))+(C50))+(C51))+(C52))+(C53))+(C54))+(C55))+(C56))+(C57))+(C58))+(C59))+(C60))+(C61))+(C62) -> 2905.09 | D63: =(((((((((((((((((((((((((((((((D24)+(D25))+(D26))+(D27))+(D28))+(D29))+(D30))+(D31))+(D32))+(D33))+(D34))+(D35))+(D43))+(D44))+(D45))+(D46))+(D47))+(D48))+(D49))+(D50))+(D51))+(D52))+(D53))+(D54))+(D55))+(D56))+(D57))+(D58))+(D59))+(D60))+(D61))+(D62) -> 8002.3 | E63: =(((((((((((((((((((((((((((((((E24)+(E25))+(E26))+(E27))+(E28))+(E29))+(E30))+(E31))+(E32))+(E33))+(E34))+(E35))+(E43))+(E44))+(E45))+(E46))+(E47))+(E48))+(E49))+(E50))+(E51))+(E52))+(E53))+(E54))+(E55))+(E56))+(E57))+(E58))+(E59))+(E60))+(E61))+(E62) -> 2385.84 | F63: =(((((((((((((((((((((((((((((((F24)+(F25))+(F26))+(F27))+(F28))+(F29))+(F30))+(F31))+(F32))+(F33))+(F34))+(F35))+(F43))+(F44))+(F45))+(F46))+(F47))+(F48))+(F49))+(F50))+(F51))+(F52))+(F53))+(F54))+(F55))+(F56))+(F57))+(F58))+(F59))+(F60))+(F61))+(F62) -> 1664.35 | G63: =(((((((((((((((((((((((((((((((G24)+(G25))+(G26))+(G27))+(G28))+(G29))+(G30))+(G31))+(G32))+(G33))+(G34))+(G35))+(G43))+(G44))+(G45))+(G46))+(G47))+(G48))+(G49))+(G50))+(G51))+(G52))+(G53))+(G54))+(G55))+(G56))+(G57))+(G58))+(G59))+(G60))+(G61))+(G62) -> 1581.97 | H63: =(((((((((((((((((((((((((((((((H24)+(H25))+(H26))+(H27))+(H28))+(H29))+(H30))+(H31))+(H32))+(H33))+(H34))+(H35))+(H43))+(H44))+(H45))+(H46))+(H47))+(H48))+(H49))+(H50))+(H51))+(H52))+(H53))+(H54))+(H55))+(H56))+(H57))+(H58))+(H59))+(H60))+(H61))+(H62) -> 1208.6 | I63: =(((((((((((((((((((((((((((((((I24)+(I25))+(I26))+(I27))+(I28))+(I29))+(I30))+(I31))+(I32))+(I33))+(I34))+(I35))+(I43))+(I44))+(I45))+(I46))+(I47))+(I48))+(I49))+(I50))+(I51))+(I52))+(I53))+(I54))+(I55))+(I56))+(I57))+(I58))+(I59))+(I60))+(I61))+(I62) -> 2020.41 | ... L63: =(((((((((((((((((((((((((((((((L24)+(L25))+(L26))+(L27))+(L28))+(L29))+(L30))+(L31))+(L32))+(L33))+(L34))+(L35))+(L43))+(L44))+(L45))+(L46))+(L47))+(L48))+(L49))+(L50))+(L51))+(L52))+(L53))+(L54))+(L55))+(L56))+(L57))+(L58))+(L59))+(L60))+(L61))+(L62) -> 4702.5 | M63: =((((((((((B63)+(C63))+(D63))+(E63))+(F63))+(G63))+(H63))+(I63))+(J63))+(K63))+(L63) -> 28571.91
A64: Net Operating Income | B64: =(B22)-(B63) -> -25 | C64: =(C22)-(C63) -> -2905.09 | D64: =(D22)-(D63) -> -374.21 | E64: =(E22)-(E63) -> 2706.93 | F64: =(F22)-(F63) -> 24240.72 | G64: =(G22)-(G63) -> -811.32 | H64: =(H22)-(H63) -> 1750.25 | I64: =(I22)-(I63) -> -1594.95 | ... L64: =(L22)-(L63) -> 387.88 | M64: =((((((((((B64)+(C64))+(D64))+(E64))+(F64))+(G64))+(H64))+(I64))+(J64))+(K64))+(L64) -> 20059.15
A65: Other Income
A66: Bank Dividends | B66: =1.14 -> 1.14 | C66: =1.09 -> 1.09 | D66: =1.03 -> 1.03 | E66: =1 -> 1 | F66: =2.49 -> 2.49 | G66: =2.62 -> 2.62 | H66: =2.67 -> 2.67 | I66: =2.41 -> 2.41 | J66: =2.62 -> 2.62 | K66: =2.47 -> 2.47 | L66: =0 -> 0 | M66: =((((((((((B66)+(C66))+(D66))+(E66))+(F66))+(G66))+(H66))+(I66))+(J66))+(K66))+(L66) -> 19.54
A67: CD Dividends | B67: =0.56 -> 0.56 | C67: =0.45 -> 0.45 | D67: =0.44 -> 0.44 | E67: =0 -> 0 | F67: =0 -> 0 | G67: =0 -> 0 | H67: =0 -> 0 | I67: =0 -> 0 | J67: =0 -> 0 | K67: =0 -> 0 | L67: =0 -> 0 | M67: =((((((((((B67)+(C67))+(D67))+(E67))+(F67))+(G67))+(H67))+(I67))+(J67))+(K67))+(L67) -> 1.45
A68: Total Other Income | B68: =(B66)+(B67) -> 1.7 | C68: =(C66)+(C67) -> 1.54 | D68: =(D66)+(D67) -> 1.47 | E68: =(E66)+(E67) -> 1 | F68: =(F66)+(F67) -> 2.49 | G68: =(G66)+(G67) -> 2.62 | H68: =(H66)+(H67) -> 2.67 | I68: =(I66)+(I67) -> 2.41 | ... L68: =(L66)+(L67) -> 0 | M68: =((((((((((B68)+(C68))+(D68))+(E68))+(F68))+(G68))+(H68))+(I68))+(J68))+(K68))+(L68) -> 20.99
A69: Net Other Income | B69: =(B68)-(0) -> 1.7 | C69: =(C68)-(0) -> 1.54 | D69: =(D68)-(0) -> 1.47 | E69: =(E68)-(0) -> 1 | F69: =(F68)-(0) -> 2.49 | G69: =(G68)-(0) -> 2.62 | H69: =(H68)-(0) -> 2.67 | I69: =(I68)-(0) -> 2.41 | ... L69: =(L68)-(0) -> 0 | M69: =((((((((((B69)+(C69))+(D69))+(E69))+(F69))+(G69))+(H69))+(I69))+(J69))+(K69))+(L69) -> 20.99
A70: Net Income | B70: =(B64)+(B69) -> -23.3 | C70: =(C64)+(C69) -> -2903.55 | D70: =(D64)+(D69) -> -372.74 | E70: =(E64)+(E69) -> 2707.93 | F70: =(F64)+(F69) -> 24243.21 | G70: =(G64)+(G69) -> -808.7 | H70: =(H64)+(H69) -> 1752.92 | I70: =(I64)+(I69) -> -1592.54 | ... L70: =(L64)+(L69) -> 387.88 | M70: =((((((((((B70)+(C70))+(D70))+(E70))+(F70))+(G70))+(H70))+(I70))+(J70))+(K70))+(L70) -> 20080.14
A74: Tuesday, May 09, 2023 11:29:06 AM GMT-7 - Accrual Basis

Sheet P&L Past Yrs
A1: Fir Grove PTO
A2: Profit and Loss
A3: July 1, 2017 - May 9, 2023
B4: Jul 2017 - Jun 2018 | C4: Jul 2018 - Jun 2019 | D4: Jul 2019 - Jun 2020 | E4: Jul 2020 - Jun 2021 | F4: Jul 2021 - Jun 2022 | G4: Jul 22 - May 9, 2023
A5: Income
A6: 5th Grade Send Off (Income) | B6: =2592.77 -> 2592.77 | C6: =0 -> 0 | D6: =1699.31 -> 1699.31 | E6: =2423 -> 2423 | F6: =0 -> 0 | G6: =407.2 -> 407.2
A7: Holiday-o-grams (Income) | B7: =0 -> 0 | C7: =0 -> 0 | D7: =260.8 -> 260.8 | E7: =0 -> 0 | F7: =0 -> 0 | G7: =0 -> 0
A8: Total 5th Grade Send Off (Income) | B8: =(B6)+(B7) -> 2592.77 | C8: =(C6)+(C7) -> 0 | D8: =(D6)+(D7) -> 1960.11 | E8: =(E6)+(E7) -> 2423 | F8: =(F6)+(F7) -> 0 | G8: =(G6)+(G7) -> 407.2
A9: Accounting Adjustment | B9: =0 -> 0 | C9: =0 -> 0 | D9: =0 -> 0 | E9: =0 -> 0 | F9: =0 -> 0 | G9: =0 -> 0
A10: Battle of the Books (Income) | B10: =50 -> 50 | C10: =44 -> 44 | D10: =29 -> 29 | E10: =0 -> 0 | F10: =0 -> 0 | G10: =0 -> 0
A11: Book Fair Sales | B11: =0 -> 0 | C11: =0 -> 0 | D11: =0 -> 0 | E11: =0 -> 0 | F11: =3901.52 -> 3901.52 | G11: =2903.85 -> 2903.85
A12: BottleDrop | B12: =0 -> 0 | C12: =0 -> 0 | D12: =2275 -> 2275 | E12: =0 -> 0 | F12: =2000 -> 2000 | G12: =1900+700 -> 2600
A13: Box Tops (Income) | B13: =987.8 -> 987.8 | C13: =634.3 -> 634.3 | D13: =434.7 -> 434.7 | E13: =173.4 -> 173.4 | F13: =177.1 -> 177.1 | G13: =124.9 -> 124.9
A14: Boy Scouts (Deposits) | B14: =2877.5 -> 2877.5 | C14: =1686.3 -> 1686.3 | D14: =0 -> 0 | E14: =340 -> 340 | F14: =0 -> 0 | G14: =0 -> 0
A15: Community Fundraiser - Donations Received | B15: =0 -> 0 | C15: =0 -> 0 | D15: =0 -> 0 | E15: =0 -> 0 | F15: =1114.15 -> 1114.15 | G15: =0 -> 0
A16: Donation (For Food) | B16: =0 -> 0 | C16: =0 -> 0 | D16: =1575 -> 1575 | E16: =218.35 -> 218.35 | F16: =0 -> 0 | G16: =0 -> 0
A17: Fun Run (Income) | B17: =30280.69 -> 30280.69 | C17: =26541.02 -> 26541.02 | D17: =27929.22 -> 27929.22 | E17: =12022.91 -> 12022.91 | F17: =26221.75 -> 26221.75 | G17: =29328.72 -> 29328.72
A18: In Kind/Employer Match (Donations) | B18: =145 -> 145 | C18: =1372.6 -> 1372.6 | D18: =2166.93 -> 2166.93 | E18: =3094.45 -> 3094.45 | F18: =0 -> 0 | G18: =0 -> 0
A19: Member/Misc (Donations) | B19: =0.54 -> 0.54 | C19: =1183.46 -> 1183.46 | D19: =313.05 -> 313.05 | E19: =1327.23 -> 1327.23 | F19: =2146.29 -> 2146.29 | G19: =1746.05 -> 1746.05
A20: Music & School Concert Fundraising | B20: =0 -> 0 | C20: =0 -> 0 | D20: =0 -> 0 | E20: =0 -> 0 | F20: =0 -> 0 | G20: =249.55 -> 249.55
A21: Non-Profit Income | B21: =196 -> 196 | C21: =0 -> 0 | D21: =0 -> 0 | E21: =0 -> 0 | F21: =0 -> 0 | G21: =0 -> 0
A22: Other Miscellaneous | B22: =6913.18 -> 6913.18 | C22: =0 -> 0 | D22: =0 -> 0 | E22: =0 -> 0 | F22: =0 -> 0 | G22: =0 -> 0
A23: Penny Drive (Income) | B23: =1302.52 -> 1302.52 | C23: =861.87 -> 861.87 | D23: =636.64 -> 636.64 | E23: =0 -> 0 | F23: =0 -> 0 | G23: =0 -> 0
A24: Restaurant / Retail Fundraisers | B24: =0 -> 0 | C24: =1077.63 -> 1077.63 | D24: =217.04 -> 217.04 | E24: =0 -> 0 | F24: =231.14 -> 231.14 | G24: =990.39+1711.5 -> 2701.89
A25: Rewards Programs (Donations) | B25: =112.99 -> 112.99 | C25: =714.36 -> 714.36 | D25: =1328.09 -> 1328.09 | E25: =913.38 -> 913.38 | F25: =995.1 -> 995.1 | G25: =0 -> 0
A26: AmazonSmile | B26: =0 -> 0 | C26: =0 -> 0 | D26: =0 -> 0 | E26: =0 -> 0 | F26: =0 -> 0 | G26: =505.93 -> 505.93
A27: Kroger Rewards (Fred Meyer) | B27: =0 -> 0 | C27: =0 -> 0 | D27: =0 -> 0 | E27: =0 -> 0 | F27: =0 -> 0 | G27: =459.81 -> 459.81
A28: Total Rewards Programs (Donations) | B28: =((B25)+(B26))+(B27) -> 112.99 | C28: =((C25)+(C26))+(C27) -> 714.36 | D28: =((D25)+(D26))+(D27) -> 1328.09 | E28: =((E25)+(E26))+(E27) -> 913.38 | F28: =((F25)+(F26))+(F27) -> 995.1 | G28: =((G25)+(G26))+(G27) -> 965.74
A29: Richard B. Siegel Grant (income) | B29: =5200 -> 5200 | C29: =0 -> 0 | D29: =0 -> 0 | E29: =0 -> 0 | F29: =0 -> 0 | G29: =0 -> 0
A30: School Supplies (Income) | B30: =4934.41 -> 4934.41 | C30: =6554.02 -> 6554.02 | D30: =4426.05 -> 4426.05 | E30: =7020.2 -> 7020.2 | F30: =9324.77 -> 9324.77 | G30: =7369.83 -> 7369.83
A31: Science Fair (Income) | B31: =526.8 -> 526.8 | C31: =388 -> 388 | D31: =0 -> 0 | E31: =0 -> 0 | F31: =654.25 -> 654.25 | G31: =0 -> 0
A32: Shadow Project | B32: =0 -> 0 | C32: =0 -> 0 | D32: =200 -> 200 | E32: =0 -> 0 | F32: =0 -> 0 | G32: =0 -> 0
A33: Spirit Wear (Income) | B33: =55 -> 55 | C33: =0 -> 0 | D33: =0 -> 0 | E33: =0 -> 0 | F33: =0 -> 0 | G33: =0 -> 0
A34: Staff Appreciation Donations | B34: =0 -> 0 | C34: =0 -> 0 | D34: =0 -> 0 | E34: =0 -> 0 | F34: =1346.36 -> 1346.36 | G34: =233.33 -> 233.33
A35: Total Income | B35: =(((((((((((((((((((((((B8)+(B9))+(B10))+(B11))+(B12))+(B13))+(B14))+(B15))+(B16))+(B17))+(B18))+(B19))+(B20))+(B21))+(B22))+(B23))+(B24))+(B28))+(B29))+(B30))+(B31))+(B32))+(B33))+(B34) -> 56175.2 | C35: =(((((((((((((((((((((((C8)+(C9))+(C10))+(C11))+(C12))+(C13))+(C14))+(C15))+(C16))+(C17))+(C18))+(C19))+(C20))+(C21))+(C22))+(C23))+(C24))+(C28))+(C29))+(C30))+(C31))+(C32))+(C33))+(C34) -> 41057.56 | D35: =(((((((((((((((((((((((D8)+(D9))+(D10))+(D11))+(D12))+(D13))+(D14))+(D15))+(D16))+(D17))+(D18))+(D19))+(D20))+(D21))+(D22))+(D23))+(D24))+(D28))+(D29))+(D30))+(D31))+(D32))+(D33))+(D34) -> 43490.83 | E35: =(((((((((((((((((((((((E8)+(E9))+(E10))+(E11))+(E12))+(E13))+(E14))+(E15))+(E16))+(E17))+(E18))+(E19))+(E20))+(E21))+(E22))+(E23))+(E24))+(E28))+(E29))+(E30))+(E31))+(E32))+(E33))+(E34) -> 27532.92 | F35: =(((((((((((((((((((((((F8)+(F9))+(F10))+(F11))+(F12))+(F13))+(F14))+(F15))+(F16))+(F17))+(F18))+(F19))+(F20))+(F21))+(F22))+(F23))+(F24))+(F28))+(F29))+(F30))+(F31))+(F32))+(F33))+(F34) -> 48112.43 | G35: =(((((((((((((((((((((((G8)+(G9))+(G10))+(G11))+(G12))+(G13))+(G14))+(G15))+(G16))+(G17))+(G18))+(G19))+(G20))+(G21))+(G22))+(G23))+(G24))+(G28))+(G29))+(G30))+(G31))+(G32))+(G33))+(G34) -> 48631.06
A36: Gross Profit | B36: =(B35)-(0) -> 56175.2 | C36: =(C35)-(0) -> 41057.56 | D36: =(D35)-(0) -> 43490.83 | E36: =(E35)-(0) -> 27532.92 | F36: =(F35)-(0) -> 48112.43 | G36: =(G35)-(0) -> 48631.06
A37: Expenses
A38: 5th Grade Send Off (Expenses) | B38: =1912.77 -> 1912.77 | C38: =0 -> 0 | D38: =1774.84 -> 1774.84 | E38: =2165.75 -> 2165.75 | F38: =1461.7 -> 1461.7 | G38: =500 -> 500
A39: Accounting Adjustment Expense | B39: =4217 -> 4217 | C39: =0 -> 0 | D39: =0 -> 0 | E39: =0 -> 0 | F39: =0 -> 0 | G39: =0 -> 0
A40: Art Literacy | B40: =1504.45 -> 1504.45 | C40: =1499.51 -> 1499.51 | D40: =1501.21 -> 1501.21 | E40: =477.08 -> 477.08 | F40: =248.5 -> 248.5 | G40: =548.55 -> 548.55
A41: Assemblies | B41: =2446.01 -> 2446.01 | C41: =1920 -> 1920 | D41: =1850 -> 1850 | E41: =1350 -> 1350 | F41: =600 -> 600 | G41: =800 -> 800
A42: Bank Charges | B42: =21.6 -> 21.6 | C42: =0 -> 0 | D42: =0 -> 0 | E42: =0 -> 0 | F42: =0 -> 0 | G42: =0 -> 0
A43: Battle of the Books | B43: =1389.65 -> 1389.65 | C43: =1398.7 -> 1398.7 | D43: =1225.59 -> 1225.59 | E43: =1574 -> 1574 | F43: =1337.04 -> 1337.04 | G43: =1248.32 -> 1248.32
A44: Boo Hoo/Woo Hoo | B44: =92.2 -> 92.2 | C44: =62.96 -> 62.96 | D44: =93.83 -> 93.83 | E44: =0 -> 0 | F44: =0 -> 0 | G44: =0 -> 0
A45: Book Fair Profit Expenses | B45: =195 -> 195 | C45: =0 -> 0 | D45: =0 -> 0 | E45: =0 -> 0 | F45: =3011.96 -> 3011.96 | G45: =286 -> 286
A46: Book Grant | B46: =0 -> 0 | C46: =0 -> 0 | D46: =0 -> 0 | E46: =498.34 -> 498.34 | F46: =0 -> 0 | G46: =0 -> 0
A47: Book Room | B47: =559.72 -> 559.72 | C47: =499.95 -> 499.95 | D47: =42.4 -> 42.4 | E47: =996.36 -> 996.36 | F47: =427.89 -> 427.89 | G47: =275.2 -> 275.2
A48: Boy Scouts | B48: =2877.5 -> 2877.5 | C48: =1686.3 -> 1686.3 | D48: =0 -> 0 | E48: =340 -> 340 | F48: =0 -> 0 | G48: =0 -> 0
A49: Brain Pop (2nd) | B49: =175 -> 175 | C49: =0 -> 0 | D49: =0 -> 0 | E49: =0 -> 0 | F49: =0 -> 0 | G49: =0 -> 0
A50: Brain Pop (4th) | B50: =0 -> 0 | C50: =0 -> 0 | D50: =0 -> 0 | E50: =230 -> 230 | F50: =230 -> 230 | G50: =0 -> 0
A51: Chess Club | B51: =100 -> 100 | C51: =86.88 -> 86.88 | D51: =97.68 -> 97.68 | E51: =0 -> 0 | F51: =0 -> 0 | G51: =0 -> 0
A52: Class Parties | B52: =2430 -> 2430 | C52: =2270.77 -> 2270.77 | D52: =1500 -> 1500 | E52: =1406.32 -> 1406.32 | F52: =1721.75 -> 1721.75 | G52: =654.4 -> 654.4
A53: Clothes Closet Donation | B53: =0 -> 0 | C53: =250 -> 250 | D53: =0 -> 0 | E53: =250 -> 250 | F53: =250 -> 250 | G53: =250 -> 250
A54: College Visit | B54: =517.5 -> 517.5 | C54: =549 -> 549 | D54: =0 -> 0 | E54: =0 -> 0 | F54: =0 -> 0 | G54: =0 -> 0
A55: Community Fundraiser Donated | B55: =0 -> 0 | C55: =0 -> 0 | D55: =0 -> 0 | E55: =0 -> 0 | F55: =1114.15 -> 1114.15 | G55: =0 -> 0
A56: Dishwasher | B56: =0 -> 0 | C56: =0 -> 0 | D56: =0 -> 0 | E56: =733.6 -> 733.6 | F56: =0 -> 0 | G56: =0 -> 0
A57: Dry Cleaning | B57: =0 -> 0 | C57: =0 -> 0 | D57: =0 -> 0 | E57: =0 -> 0 | F57: =12.95 -> 12.95 | G57: =0 -> 0
A58: Dues & Subscriptions | B58: =160 -> 160 | C58: =215 -> 215 | D58: =215 -> 215 | E58: =389.43 -> 389.43 | F58: =609.24 -> 609.24 | G58: =190.34 -> 190.34
A59: Emergency Supplies | B59: =0 -> 0 | C59: =0 -> 0 | D59: =89.8 -> 89.8 | E59: =0 -> 0 | F59: =69.48 -> 69.48 | G59: =101.92 -> 101.92
A60: Family Events - Donuts w/grownup / School Dance Etc | B60: =754.01 -> 754.01 | C60: =749.48 -> 749.48 | D60: =386.44 -> 386.44 | E60: =0 -> 0 | F60: =0 -> 0 | G60: =719.17 -> 719.17
A61: Field Day | B61: =0 -> 0 | C61: =323.43 -> 323.43 | D61: =189.01 -> 189.01 | E61: =209.88 -> 209.88 | F61: =155.35 -> 155.35 | G61: =47.94 -> 47.94
A62: Field Trips | B62: =0 -> 0 | C62: =0 -> 0 | D62: =0 -> 0 | E62: =507.38 -> 507.38 | F62: =0 -> 0 | G62: =0 -> 0
A63: 1st Grade | B63: =1396.95 -> 1396.95 | C63: =909.5 -> 909.5 | D63: =0 -> 0 | E63: =1310.93 -> 1310.93 | F63: =99 -> 99 | G63: =354.9 -> 354.9
A64: 2nd Grade | B64: =1617 -> 1617 | C64: =1911.8 -> 1911.8 | D64: =871.75 -> 871.75 | E64: =1260 -> 1260 | F64: =406 -> 406 | G64: =848.2 -> 848.2
A65: 3rd Grade | B65: =386.4 -> 386.4 | C65: =442.8 -> 442.8 | D65: =927.5 -> 927.5 | E65: =2002.54 -> 2002.54 | F65: =0 -> 0 | G65: =384.9 -> 384.9
A66: 4th Grade | B66: =1522 -> 1522 | C66: =1309.4 -> 1309.4 | D66: =760 -> 760 | E66: =936.97 -> 936.97 | F66: =134.2 -> 134.2 | G66: =406.15 -> 406.15
A67: 5th Grade | B67: =2250.75 -> 2250.75 | C67: =2299.8 -> 2299.8 | D67: =558 -> 558 | E67: =551.28 -> 551.28 | F67: =0 -> 0 | G67: =450 -> 450
A68: Kindy | B68: =1641.6 -> 1641.6 | C68: =633.9 -> 633.9 | D68: =652.65 -> 652.65 | E68: =2100 -> 2100 | F68: =90 -> 90 | G68: =120 -> 120
A69: Philharmonic | B69: =0 -> 0 | C69: =700.35 -> 700.35 | D69: =0 -> 0 | E69: =0 -> 0 | F69: =1000 -> 1000 | G69: =0 -> 0
A70: Total Field Trips | B70: =(((((((B62)+(B63))+(B64))+(B65))+(B66))+(B67))+(B68))+(B69) -> 8814.7 | C70: =(((((((C62)+(C63))+(C64))+(C65))+(C66))+(C67))+(C68))+(C69) -> 8207.55 | D70: =(((((((D62)+(D63))+(D64))+(D65))+(D66))+(D67))+(D68))+(D69) -> 3769.9 | E70: =(((((((E62)+(E63))+(E64))+(E65))+(E66))+(E67))+(E68))+(E69) -> 8669.1 | F70: =(((((((F62)+(F63))+(F64))+(F65))+(F66))+(F67))+(F68))+(F69) -> 1729.2 | G70: =(((((((G62)+(G63))+(G64))+(G65))+(G66))+(G67))+(G68))+(G69) -> 2564.15
A71: Food Gift Cards | B71: =0 -> 0 | C71: =0 -> 0 | D71: =3025 -> 3025 | E71: =0 -> 0 | F71: =0 -> 0 | G71: =0 -> 0
A72: Fun Run (Expenses) | B72: =2212.69 -> 2212.69 | C72: =2330.9 -> 2330.9 | D72: =2467.62 -> 2467.62 | E72: =3195.91 -> 3195.91 | F72: =6333.08 -> 6333.08 | G72: =4710.63 -> 4710.63
A73: Garden Area | B73: =0 -> 0 | C73: =95.64 -> 95.64 | D73: =0 -> 0 | E73: =0 -> 0 | F73: =0 -> 0 | G73: =0 -> 0
A74: Geography Club | B74: =206.06 -> 206.06 | C74: =151.92 -> 151.92 | D74: =254.39 -> 254.39 | E74: =0 -> 0 | F74: =0 -> 0 | G74: =0 -> 0
A75: Glow Dance | B75: =0 -> 0 | C75: =-162.65 -> -162.65 | D75: =0 -> 0 | E75: =0 -> 0 | F75: =0 -> 0 | G75: =0 -> 0
A76: Insurance | B76: =255 -> 255 | C76: =335 -> 335 | D76: =335 -> 335 | E76: =335 -> 335 | F76: =335 -> 335 | G76: =335 -> 335
A77: Math & Science Grant | B77: =0 -> 0 | C77: =0 -> 0 | D77: =3850 -> 3850 | E77: =0 -> 0 | F77: =0 -> 0 | G77: =0 -> 0
A78: Meet Your Teacher | B78: =497.5 -> 497.5 | C78: =290.57 -> 290.57 | D78: =101.36 -> 101.36 | E78: =0 -> 0 | F78: =0 -> 0 | G78: =33.57 -> 33.57
A79: Movie Tickets (Expenses) | B79: =0 -> 0 | C79: =0 -> 0 | D79: =195 -> 195 | E79: =0 -> 0 | F79: =0 -> 0 | G79: =0 -> 0
A80: Music & Concert Supplies & Expenses | B80: =0 -> 0 | C80: =0 -> 0 | D80: =0 -> 0 | E80: =0 -> 0 | F80: =0 -> 0 | G80: =2214.98 -> 2214.98
A81: Mystery Science (Expense) | B81: =0 -> 0 | C81: =0 -> 0 | D81: =1998 -> 1998 | E81: =1249 -> 1249 | F81: =0 -> 0 | G81: =0 -> 0
A82: Oregon Trail | B82: =227 -> 227 | C82: =184.27 -> 184.27 | D82: =0 -> 0 | E82: =0 -> 0 | F82: =0 -> 0 | G82: =0 -> 0
A83: Other Miscellaneous Service Cost | B83: =6913.18 -> 6913.18 | C83: =0 -> 0 | D83: =0 -> 0 | E83: =0 -> 0 | F83: =0 -> 0 | G83: =0 -> 0
A84: Pack Leaders | B84: =64.6 -> 64.6 | C84: =81.07 -> 81.07 | D84: =0 -> 0 | E84: =0 -> 0 | F84: =18.87 -> 18.87 | G84: =0 -> 0
A85: PayPal Fees | B85: =0 -> 0 | C85: =0 -> 0 | D85: =0 -> 0 | E85: =0 -> 0 | F85: =0 -> 0 | G85: =10.63 -> 10.63
A86: Penny Drive (Expenses) | B86: =1321.99 -> 1321.99 | C86: =1193.22 -> 1193.22 | D86: =153.93 -> 153.93 | E86: =1000 -> 1000 | F86: =1999.85 -> 1999.85 | G86: =0 -> 0
A87: Planners | B87: =256.5 -> 256.5 | C87: =242.25 -> 242.25 | D87: =249.6 -> 249.6 | E87: =0 -> 0 | F87: =0 -> 0 | G87: =0 -> 0
A88: Popcorn | B88: =150 -> 150 | C88: =0 -> 0 | D88: =0 -> 0 | E88: =0 -> 0 | F88: =0 -> 0 | G88: =0 -> 0
A89: Principal Budget | B89: =0 -> 0 | C89: =0 -> 0 | D89: =0 -> 0 | E89: =0 -> 0 | F89: =0 -> 0 | G89: =502.7 -> 502.7
A90: PTO Meetings | B90: =160 -> 160 | C90: =200 -> 200 | D90: =120 -> 120 | E90: =219.9 -> 219.9 | F90: =137.5 -> 137.5 | G90: =9.5 -> 9.5
A91: PTO Supplies | B91: =75.44 -> 75.44 | C91: =92 -> 92 | D91: =60.98 -> 60.98 | E91: =31.19 -> 31.19 | F91: =115.07 -> 115.07 | G91: =117.74 -> 117.74
A92: Reading Online Program | B92: =549.75 -> 549.75 | C92: =549.75 -> 549.75 | D92: =549.75 -> 549.75 | E92: =346.35 -> 346.35 | F92: =0 -> 0 | G92: =0 -> 0
A93: Richard B. Siegel Grant | B93: =5185 -> 5185 | C93: =0 -> 0 | D93: =0 -> 0 | E93: =0 -> 0 | F93: =0 -> 0 | G93: =0 -> 0
A94: Scholastic Subscription (2nd Grade) | B94: =642.51 -> 642.51 | C94: =138.6 -> 138.6 | D94: =0 -> 0 | E94: =0 -> 0 | F94: =0 -> 0 | G94: =0 -> 0
A95: Scholastic Subscription (3rd Grade) | B95: =0 -> 0 | C95: =569.25 -> 569.25 | D95: =569.25 -> 569.25 | E95: =458.15 -> 458.15 | F95: =392.7 -> 392.7 | G95: =395.34 -> 395.34
A96: Scholastic Subscription (5th Grade) | B96: =0 -> 0 | C96: =0 -> 0 | D96: =0 -> 0 | E96: =0 -> 0 | F96: =458.04 -> 458.04 | G96: =460.68 -> 460.68
A97: Scholastic Subscription (Kindy) | B97: =0 -> 0 | C97: =0 -> 0 | D97: =370.7 -> 370.7 | E97: =496.22 -> 496.22 | F97: =0 -> 0 | G97: =0 -> 0
A98: School Supplies (Expenses) | B98: =5069.95 -> 5069.95 | C98: =4909.46 -> 4909.46 | D98: =1683.27 -> 1683.27 | E98: =4974.85 -> 4974.85 | F98: =6894.12 -> 6894.12 | G98: =6048.22 -> 6048.22
A99: Science Closet | B99: =181 -> 181 | C99: =0 -> 0 | D99: =0 -> 0 | E99: =0 -> 0 | F99: =0 -> 0 | G99: =0 -> 0
A100: Science Fair (Expenses) | B100: =540.27 -> 540.27 | C100: =703.45 -> 703.45 | D100: =0 -> 0 | E100: =35.42 -> 35.42 | F100: =460.18 -> 460.18 | G100: =280.78 -> 280.78
...

Sheet Income
A2: ='P&L Summary to Date'!A6 -> Income
A3: ='P&L Summary to Date'!A7 -> 5th Grade Send Off (Income) | B3: 200
A4: ='P&L Summary to Date'!A8 -> Book Fair Sales | B4: 3000
A5: ='P&L Summary to Date'!A9 -> BottleDrop | B5: 2200
A6: ='P&L Summary to Date'!A10 -> Box Tops (Income) | B6: 50
A7: ='P&L Summary to Date'!A11 -> Fun Run (Income) | B7: 25000
A8: ='P&L Summary to Date'!A12 -> Member/Misc (Donations) | B8: 2000
A9: ='P&L Summary to Date'!A13 -> Music & School Concert Fundraising | B9: 200
A10: ='P&L Summary to Date'!A14 -> Restaurant / Retail Fundraisers | B10: 750
A11: ='P&L Summary to Date'!A15 -> Rewards Programs (Donations) | B11: 450
A12: ='P&L Summary to Date'!A16 -> School Supplies (Income) | B12: 7000
A13: Science Expo | B13: 500
A14: ='P&L Summary to Date'!A17 -> Staff Appreciation Donations | B14: 300
A15: ='P&L Summary to Date'!A18 -> Total Income | B15: ='P&L Summary to Date'!B18 -> 48631.06

Sheet Expenses
A3: Assemblies | B3: Assemblies | C3: 2000 | F3: Field Trips | G3: =SUMIF(B1:B42,"Field Trips",C1:C42) -> 11250
A4: 5th Grade Send Off (Expenses) | B4: Class Parties | C4: 1500 | F4: School Supplies | G4: =SUMIF(B1:B42,"School Supplies",C1:C42) -> 7300
A5: Class Parties | B5: Class Parties | C5: 2550 | F5: Teacher Supplies | G5: =SUMIF(B1:B42,"Teacher Supplies",C1:C42) -> 8500
A6: Boohoo Woohoo (welcome new families) | B6: Community Events | C6: 100 | F6: Enrichment Programs | G6: =SUMIF(B1:B42,"Enrichment Programs",C1:C42) -> 7980
A7: Family Events - Donut w/GrownUp/Dance | B7: Community Events | C7: 750 | F7: Fun Run | G7: =SUMIF(B1:B42,"Fun Run",C1:C42) -> 5250
A8: Meet Your Teacher | B8: Community Events | C8: 150 | F8: Class Parties | G8: =SUMIF(B1:B42,"Class Parties",C1:C42) -> 4050
A9: Science Expo | B9: Community Events | C9: 600 | F9: Staff Support | G9: =SUMIF(B1:B42,"Staff Support",C1:C42) -> 2150
A10: Art Literacy | B10: Enrichment Programs | C10: 1000 | F10: PTO Admin | G10: =SUMIF(B2:B43,"PTO Admin",C2:C43) -> 1630
A11: Battle of the Books | B11: Enrichment Programs | C11: 1500 | F11: Assemblies | G11: =SUMIF(B3:B44,"Assemblies",C3:C44) -> 2000
A12: Book Room | B12: Enrichment Programs | C12: 500 | F12: Community Events | G12: =SUMIF(B4:B45,"Community Events",C4:C45) -> 1600
A13: Brain Pop (Peterson) | B13: Enrichment Programs | C13: 230 | F13: Other | G13: =SUMIF(B5:B46,"Other",C5:C46) -> 1250
A14: Concerts / Music Room Supplies | B14: Enrichment Programs | C14: 3250
A15: Field Day (Villegas) | B15: Enrichment Programs | C15: 200 | F15: Grand Total | G15: =SUM(G3:G14) -> 52960
A16: Garden Area/Green Team | B16: Enrichment Programs | C16: 250
A17: Scholastic (3rd Grade) | B17: Enrichment Programs | C17: 425
A18: Scholastic (5th Grade) | B18: Enrichment Programs | C18: 475
A19: Wellness (SEL) Center | B19: Enrichment Programs | C19: 150
A20: Field Trips | B20: Field Trips | C20: =1875*6 -> 11250
A21: Fun Run - Pledgestar fees | B21: Fun Run | C21: 1000
A22: Fun Run supplies, prizes, and T-shirts | B22: Fun Run | C22: 4250
A23: Clothes Closet Donation | B23: Other | C23: 250
A24: Unbudgeted Expense | B24: Other | C24: 1000
A25: Dry Cleaining (Furry Grover) | B25: PTO Admin | C25: 50
A26: Dues & Subscriptions | B26: PTO Admin | C26: 500
A27: Insurance | B27: PTO Admin | C27: 340
A28: PTO Meetings | B28: PTO Admin | C28: 250
A29: PTO Supplies | B29: PTO Admin | C29: 350
A30: Taxes & Licenses | B30: PTO Admin | C30: 140
A31: Emergency Buckets | B31: School Supplies | C31: 100
A32: School Supplies | B32: School Supplies | C32: 7000
... A37: Teacher Supplies | B37: Teacher Supplies | C37: 8500
A38: Expenses
A39: Restaurant Nights (PE)
A40: Restaurant Nights (Music)
A41: Restaurant Nights (Tech)
A42: Restaurant Nights (Library) (carryover from 2020-2021 year)
A44: Total Expenses | C44: =SUM(C3:C43) -> 52960

Sheet Sheet1
B2: Jul | C2: Aug | D2: Sept | E2: Oct | F2: Nov | G2: Dec | H2: Jan | I2: Feb | J2: Mar | K2: Apr | L2: May | M2: 44713 | N2: YTD | O2: Budget
A3: Income
A4: 5th Grade Send Off (flow-thru) | J4: =407.2 -> 407.2 | N4: 407.2 | O4: 0
A5: Book Fair Cash Sales (Flow-thru) | E5: =2782+88.21 -> 2870.21 | F5: -1252.38 | L5: =2921.92-1435.9 -> 1486.02 | N5: 3103.85 | O5: 4000
A6: Bottle Drop | H6: 1900 | L6: 700 | N6: 2600 | O6: 2000
A7: Box Tops | H7: 124.9 | N7: 124.9 | O7: 0
A8: Boy Scouts (flow thru - donations earmarked for Scouts) | N8: 0 | O8: 2000
A9: Community Fundraiser | L9: 143.28 | N9: 143.28 | O9: 1000
A10: Fun Run | E10: =296.06+2106.5 -> 2402.56 | F10: =25993.51+25+100+100 -> 26218.51 | N10: 28621.07 | O10: 25000
A11: Member/Misc (Donation; incl. corp. match funds) | E11: 20 | F11: =710.01 -> 710.01 | G11: =770.65 -> 770.65 | H11: 700 | I11: =150 -> 150 | N11: 2350.66 | O11: 2000
A12: Music & School Concert Donations | J12: =144.55+105 -> 249.55 | N12: 249.55 | O12: 0
A13: Restaurant Night | H13: 233.95 | L13: =444.51+136.44+32.21 -> 613.16 | N13: 847.11 | O13: 500
A14: Rewards Programs (Amazon Smile, Fred Meyer) | D14: =148.45+109.81 -> 258.26 | F14: =108+120.71 -> 228.71 | I14: =157.13+118.33 -> 275.46 | L14: =123.45+79.64 -> 203.09 | N14: 965.52 | O14: 800
A15: School Supplies Donations | D15: 7369.83 | N15: 7369.83 | O15: 7000
A16: Science Expo | N16: 0 | O16: 500
A17: Staff Appreciation donations | N17: 0 | O17: 1000
A19: Total Income | B19: =SUM(B4:B18) -> 0 | C19: =SUM(C4:C18) -> 0 | D19: =SUM(D4:D18) -> 7628.09 | E19: =SUM(E4:E18) -> 5292.77 | F19: =SUM(F4:F18) -> 25904.85 | G19: =SUM(G4:G18) -> 770.65 | H19: =SUM(H4:H18) -> 2958.85 | I19: =SUM(I4:I18) -> 425.46 | ... O19: =SUM(O4:O18) -> 45800
A20: Expenses
A21: 5th Grade Send Off (Expenses) | N21: 0 | O21: 1500
A22: Art Literacy | F22: =150 -> 150 | N22: 150 | O22: 1500
A23: Assemblies | K23: =800 -> 800 | N23: 800 | O23: 2000
A24: Battle of the Books | D24: 65 | G24: =441.31+52.44+94.8+266.5 -> 855.05 | I24: =283.54 -> 283.54 | L24: 41.73 | N24: 1245.32 | O24: 1500
A25: Boohoo Woohoo (welcome new families) | N25: 0 | O25: 100
A26: Book Fair Profit Spending | N26: 0 | O26: 3000
A27: Book Room | G27: 211.2 | J27: =64 -> 64 | N27: 275.2 | O27: 500
A28: Brain Pop (Peterson) | N28: 0 | O28: 230
A29: Chess Club | N29: 0 | O29: 100
A30: Class Parties | F30: =139.02+45.97+50+49.09+38.05 -> 322.13 | H30: =15.86 -> 15.86 | I30: =50+15.31+17.19+109.81+47.07 -> 239.38 | L30: =78.03 -> 78.03 | N30: 655.4 | O30: 2700
A31: Clothes Closet Donation | D31: 250 | N31: 250 | O31: 250
A32: Community Fundraiser (Flow through) | N32: 0 | O32: 1000
A33: Concerts / Music Room Supplies | I33: =371.23+202.78 -> 574.01 | L33: =1642.2 -> 1642.2 | N33: 2216.21 | O33: 2500
A34: Family Events - Donut w/GrownUp/Dance | G34: =128.28+280.44 -> 408.72 | I34: =100 -> 100 | N34: 508.72 | O34: 750
A35: Dry Cleaining (Furry Grover) | N35: 0 | O35: 50
A36: Dues & Subscriptions | E36: =21.17+20.17 -> 41.34 | F36: 149 | N36: 190.34 | O36: 600
A37: Emergency Buckets | D37: 101.92 | N37: 101.92 | O37: 100
A38: Field Day (Villegas) | L38: =47.94 -> 47.94 | N38: 47.94 | O38: 200
A39: Field Trips | N39: 0
A40: Kindy | E40: 120 | N40: 120 | O40: 1875
A41: 1st Grade | J41: =354.9 -> 354.9 | N41: 354.9 | O41: 1875
A42: 2nd Grade | D42: 210.15 | I42: =409.9 -> 409.9 | K42: =228.15 -> 228.15 | N42: 848.2 | O42: 1875
A43: 3rd Grade | L43: =384.9 -> 384.9 | N43: 384.9 | O43: 1875
A44: 4th Grade | D44: 336.15 | G44: =70 -> 70 | N44: 406.15 | O44: 1875
A45: 5th Grade | K45: =450 -> 450 | N45: 450 | O45: 1875
A46: College Visit/Career Readiness (5th grade) | O46: 550
A47: Philharmonic Children's Concert (3rd-5th, every 3rd year) | N47: 0
A48: Total Field Trips | B48: =SUBTOTAL(9,B39:B47) -> 0 | C48: =SUBTOTAL(9,C39:C47) -> 0 | D48: =SUBTOTAL(9,D39:D47) -> 546.3 | E48: =SUBTOTAL(9,E39:E47) -> 120 | F48: =SUBTOTAL(9,F39:F47) -> 0 | G48: =SUBTOTAL(9,G39:G47) -> 70 | H48: =SUBTOTAL(9,H39:H47) -> 0 | I48: =SUBTOTAL(9,I39:I47) -> 409.9 | ... O48: =SUBTOTAL(9,O39:O47) -> 11800
A49: Fun Run - Pledgestar fees | E49: 995 | N49: 995 | O49: 1000
A50: Fun Run supplies, prizes, and T-shirts | D50: =179.99+3291.75 -> 3471.74 | F50: 13.89 | H50: =30 -> 30 | N50: 3515.63 | O50: 5000
A51: Garden Area (Kindy) | N51: 0 | O51: 100
A52: Geography Club | N52: 0 | O52: 200
A53: Insurance | D53: 335 | N53: 335 | O53: 340
A54: Meet Your Teacher | F54: 33.57 | N54: 33.57 | O54: 200
A55: Mystery Science | N55: 0 | O55: 0
A56: Oregon Trail (4th Grade) | N56: 0 | O56: 200
A57: Pack Leaders | N57: 0 | O57: 100
A58: Planners | N58: 0 | O58: 250
A59: PTO Meetings | F59: 9.5 | N59: 9.5 | O59: 500
A60: PTO Supplies | F60: =74.99 -> 74.99 | N60: 74.99 | O60: 500
A61: Reading Online Program (RAZ) | N61: 0 | O61: 120
A62: Restaurant Nights (PE) | N62: 0 | O62: 500
A63: Restaurant Nights (Music) | N63: 0 | O63: 500
A64: Restaurant Nights (Tech) | O64: 250
A65: Restaurant Nights (Library) (carryover from 2020-2021 year) | N65: 0 | O65: 0
A66: Scholastic (Kindy) | N66: 0 | O66: 500
A67: Scholastic (3rd Grade) | D67: 395.34 | N67: 395.34 | O67: 500
A68: Scholastic (5th Grade) | D68: =460.68 -> 460.68 | N68: 460.68 | O68: 500
A69: School Supplies | C69: =2905.09 -> 2905.09 | D69: =202.44+864.33+261.82 -> 1328.59 | F69: =132.86+65.34 -> 198.2 | H69: =104+244.6+55.75 -> 404.35 | I69: =61.5+181 -> 242.5 | J69: =670.12+81.33 -> 751.45 | K69: 270 | N69: 6100.18 | O69: 7000
A70: Scouts (flow thru of earmarked donations rec'd) | N70: 0 | O70: 2000
A71: Science Expo | N71: 0 | O71: 750
A72: Staff Appreciation/Conference | E72: =106.29+390.35 -> 496.64 | F72: =55.79 -> 55.79 | H72: 48.89 | I72: =44.69 -> 44.69 | J72: =28.7 -> 28.7 | L72: =472 -> 472 | N72: 1146.71 | O72: 1350
A73: Staff Meals (Principal budget) | D73: 235 | L73: =267.7 -> 267.7 | N73: 502.7 | O73: 300
A74: Summer Reading Party | N74: 0 | O74: 75
A75: Sunshine Fund | E75: =109.9 -> 109.9 | F75: =100 -> 100 | I75: =25 -> 25 | K75: =75 -> 75 | L75: =75+40.95+30 -> 145.95 | N75: 455.85 | O75: 500
A76: Taxes & Licenses | E76: 90 | H76: =50 -> 50 | N76: 140 | O76: 140
A77: Teacher Supplies | D77: =248.71+152.48+29.02+149.51+57.08+175.93 -> 812.73 | E77: =39+50.42+20.74+80.66+142.14 -> 332.96 | F77: =19.48+250+24.62+249.98+62.29 -> 606.37 | H77: =22.52+94.49+74.87+61.03+53.75 -> 306.66 | I77: =30.24+14.24+27.14 -> 71.62 | J77: =28.45+41.08+32.64+81.92+177.64 -> 361.73 | K77: =39.99+48.89 -> 88.88 | L77: =70.29+248.68+250+35+176.67 -> 780.64 | N77: 3361.59 | O77: 8250
A78: Unbudgeted Expense | K78: =100 -> 100 | L78: . | N78: 100 | O78: 1000
A79: Wellness (SEL) Center | G79: =34 -> 34 | I79: =32 -> 32 | N79: 66 | O79: 150
N80: 0
A81: Total Expenses | B81: =SUM(B21:B38)+B48+SUM(B49:B80) -> 0 | C81: =SUM(C21:C38)+C48+SUM(C49:C80) -> 2905.09 | D81: =SUM(D21:D38)+D48+SUM(D49:D80) -> 8002.3 | E81: =SUM(E21:E38)+E48+SUM(E49:E80) -> 2185.84 | F81: =SUM(F21:F38)+F48+SUM(F49:F80) -> 1713.44 | G81: =SUM(G21:G38)+G48+SUM(G49:G80) -> 1578.97 | H81: =SUM(H21:H38)+H48+SUM(H49:H80) -> 855.76 | I81: =SUM(I21:I38)+I48+SUM(I49:I80) -> 2022.64 | ... M81: =SUM(M21:M38)+M48+SUM(M49:M80) -> 0 | N81: =SUBTOTAL(9,N20:N80) -> 26697.94 | O81: =SUBTOTAL(9,O20:O80) -> 63155
A82: Net Operating Income | B82: =B19-B81 -> 0 | C82: =C19-C81 -> -2905.09 | D82: =D19-D81 -> -374.21 | E82: =E19-E81 -> 3106.93 | F82: =F19-F81 -> 24191.41 | G82: =G19-G81 -> -808.32 | H82: =H19-H81 -> 2103.09 | I82: =I19-I81 -> -1597.18 | ... O82: =O19-O81 -> -17355
A83: Other Income
A84: Bank Dividends | B84: =0.59+0.55 -> 1.14 | C84: =0.54+0.55 -> 1.09 | D84: =0.5+0.53 -> 1.03 | E84: =0.45+0.55 -> 1 | F84: =1.43+1.06 -> 2.49 | G84: =1.52+1.1 -> 2.62 | N84: =SUM(B84:M84) -> 9.37 | O84: 10
A85: CD Dividends | B85: =0.22+0.22+0.12 -> 0.56 | N85: =SUM(B85:M85) -> 0.56 | O85: 100
A86: Total Other Income | B86: =SUM(B84:B85) -> 1.7 | C86: =SUM(C84:C85) -> 1.09 | D86: =SUM(D84:D85) -> 1.03 | E86: =SUM(E84:E85) -> 1 | F86: =SUM(F84:F85) -> 2.49 | G86: =SUM(G84:G85) -> 2.62 | H86: =SUM(H84:H85) -> 0 | I86: =SUM(I84:I85) -> 0 | ... O86: =SUM(O84:O85) -> 110
A87: Net Other Income | B87: =(B86)-(0) -> 1.7 | C87: =(C86)-(0) -> 1.09 | D87: =(D86)-(0) -> 1.03 | E87: =(E86)-(0) -> 1 | F87: =(F86)-(0) -> 2.49 | G87: =(G86)-(0) -> 2.62 | H87: =(H86)-(0) -> 0 | I87: =(I86)-(0) -> 0 | ... M87: =(M86)-(0) -> 0 | N87: =SUM(B87:M87) -> 9.93 | O87: =(O86)-(0) -> 110
A88: Net Income | B88: =(B82)+(B87) -> 1.7 | C88: =(C82)+(C87) -> -2904 | D88: =(D82)+(D87) -> -373.18 | E88: =(E82)+(E87) -> 3107.93 | F88: =(F82)+(F87) -> 24193.9 | G88: =(G82)+(G87) -> -805.7 | H88: =(H82)+(H87) -> 2103.09 | I88: =(I82)+(I87) -> -1597.18 | ... O88: =(O82)+(O87) -> -17245

Sheet Sheet2
A3: PreK | B3: Norris | C3: 250
A4: K | B4: Harwood | C4: 250
A5: K | B5: Mayes/Gooding | C5: 250
A6: K | B6: Leijon | C6: 250
A7: 1st | B7: Trinci | C7: 250
A8: 1st | B8: Ford | C8: 250
A9: 1st | B9: Barto | C9: 250
A10: 2nd | B10: Melvin | C10: 250
A11: 2nd | B11: Beltran | C11: 250
A12: 2nd | B12: Viegas | C12: 250
A13: 3rd | B13: West | C13: 250
A14: 3rd | B14: Oakes | C14: 250
... A35: Speech | B35: Dolan | C35: 250
A37: Bilingual Facilitator | B37: Meneses Luna | C37: ?
C40: =SUM(C3:C38) -> 8500
